 Dungeon Crawl Stone Soup version 0.8.0-1-g574be46 character file.

6137438 clouded the Grand Master (level 27, 249/249 HPs)
             Began as a Sludge Elf Ice Elementalist on May 7, 2011.
             Was the Champion of Zin.
             Escaped with the Orb
             ... and 27 runes (of 15 types) on May 13, 2011!
             The game lasted 1day 02:38:02 (363164 turns).

clouded the Grand Master (SEIE)                Turns: 363164, Time: 1, 02:38:03

HP 249/249       AC 26     Str 17 Exp: 27/8444506 (321323)
MP  41/49        EV 33     Int 31      God: Zin [******]
Gold 21351       SH 24     Dex 18      Spells: 19 memorised,  0 levels left

Res.Fire  : + . .   See Invis. : +   b - +8,+9 elf longbow (holy)
Res.Cold  : + . .   Warding    : . . z - +2 robe {rC+ rF+}
Life Prot.: . . .   Conserve   : +   (no shield)
Res.Acid. : . . .   Res.Corr.  : .   E - +2 helmet of the Portal Chambers {Int+3 Ac
Res.Poison: .       Clarity    : +   r - +1 cloak of Repulsion {+Rage Str+3}
Res.Elec. : +       Spirit.Shd : .   N - +1 pair of gloves "Xutyiq" {Str+4}
Sust.Abil.: . .     Stasis     : .   v - +0 pair of boots of the Shining Light {Acc Res.Mut. : + Ctrl.Telep.: + P - cursed amulet of Smyh {Cons rElec} Res.Rott. : + Levitation : + y - +0,+7 ring of slaying Saprovore : . . . Ctrl.Flight: + M - ring "Ghaolutz" {MR Dam+3 SInv}

@: icy armour, repel missiles, flying, very slightly glowing, very quick,
extraordinarily resistant to hostile enchantments, extremely stealthy
A: claws 1, fangs 1, clarity, regeneration 1, AC +1, Str +2, Dex +1
a: Recite, Vitalisation, Imprison, Sanctuary, Cure All Mutations, Renounce
Religion, Evoke Berserk Rage


You escaped.
You worshipped Zin.
Zin was exalted by your worship.
You were full.

You visited 18 branches of the dungeon, and saw 113 of its levels.
You visited Pandemonium 14 times, and saw 191 of its levels.
You visited the Abyss 5 times.
You visited 1 Labyrinth.
You visited 3 Ziggurats, and saw 63 of their levels.
You visited 2 portal chambers: ice cave, wizlab.

You collected 48738 gold pieces.
You spent 4086 gold pieces at shops.
You donated 10761 gold pieces.
You used 12560 gold pieces for miscellaneous purposes.

Inventory:

Hand weapons
 b - a +8,+9 elven longbow of holy wrath (weapon)
 d - a cursed +0,+0 short sword of distortion {!w, !d}
 o - a +0,+1 knife {!a}
 q - a +9,+9 elven longbow of velocity
Missiles
 D - 79 +9 arrows (quivered)
Armour
 r - the +1 cloak of Repulsion (worn) {+Rage Str+3}
   (You found it on level 18 of a ziggurat)

   It affects your strength (+3).
   It lets you go berserk.
 v - the +0 pair of boots of the Shining Light (worn) {Acc+4 Dam+2}
   (You bought it in a shop on level 2 of the Orcish Mines)

   It affects your accuracy (+4).
   It affects your damage-dealing abilities (+2).
 z - a +2 robe of resistance (worn)
 E - the +2 helmet of the Portal Chambers (worn) {Int+3 Acc+3}
   (You found it in Pandemonium)

   It affects your intelligence (+3).
   It affects your accuracy (+3).
 N - the +1 pair of gloves "Xutyiq" (worn) {Str+4}
   (You acquired it on level 2 of the Lair of Beasts)

   It affects your strength (+4).
Magical devices
 k - a wand of teleportation (7)
 n - a wand of healing (7)
 I - a wand of hasting (6)
 J - a wand of healing (9)
 T - a wand of disintegration (10)
Comestibles
 f - 7 honeycombs
 B - 4 royal jellies
Jewellery
 c - the ring "Ghitha" {-TELE Hunger Str+2}
   (You found it in Pandemonium)

   [ring of hunger]

   It affects your strength (+2).
   It prevents most forms of teleportation.
 e - the ring of Nuust {cTele Stlth++}
   (You found it on level 12 of a ziggurat)

   [ring of teleport control]

   It makes you much more stealthy.
 j - the cursed ring "Skatiupe" {Wiz Str+5 Int+2}
   (You found it on level 5 of the Crypt)

   [ring of wizardry]

   It affects your strength (+5).
   It affects your intelligence (+2).
   It has a curse placed upon it.
 p - the cursed amulet "Huip" {rMut Int+5}
   (You found it on level 7 of Tartarus)

   [amulet of resist mutation]

   It affects your intelligence (+5).
   It has a curse placed upon it.
 y - a +0,+7 ring of slaying (right hand)
 M - the ring "Ghaolutz" (left hand) {MR Dam+3 SInv}
   (You found it in the Abyss)

   [ring of see invisible]

   It affects your damage-dealing abilities (+3).
   It increases your resistance to enchantments.
 O - a cursed +0,+4 ring of slaying
 P - the cursed amulet of Smyh (around neck) {Cons rElec}
   (You found it on level 7 of a ziggurat)

   [amulet of conservation]

   It insulates you from electricity.
   It has a curse placed upon it.
 U - the amulet of Thioh {cFly Dam+3}
   (You found it in Pandemonium)

   [amulet of controlled flight]

   It affects your damage-dealing abilities (+3).
 Y - the cursed ring of the Zebra {Hunger rF++ rN+}
   (You found it on level 3 of the Tomb of the Ancients)

   [ring of hunger]

   It greatly protects you from fire.
   It protects you from negative energy.
   It has a curse placed upon it.
Magical staves
 w - a staff of conjuration {!a}
 x - a staff of channeling {!d}
Orbs of Power
 t - the Orb of Zot
Miscellaneous
 a - a bone rune of Zot
 h - a decaying rune of Zot
 i - a glowing rune of Zot
 m - a golden rune of Zot
 s - a serpentine rune of Zot
 u - an icy rune of Zot
 A - a silver rune of Zot
 C - a slimy rune of Zot
 F - a magical rune of Zot
 G - an obsidian rune of Zot
 K - 13 demonic runes of Zot
 R - an abyssal rune of Zot
 S - a fiery rune of Zot
 V - a crystal ball of energy {!d}
 W - an iron rune of Zot
 Z - a dark rune of Zot You had 321323 experience left.


   Skills:
 * Level 27 Fighting
 * Level 27 Axes
 * Level 27 Bows
 * Level 27 Dodging
 + Level 15 Stealth
 - Level 4 Stabbing
 + Level 3 Shields
 + Level 17 Traps & Doors
 * Level 27 Unarmed Combat
 * Level 27 Spellcasting
 * Level 27 Conjurations
 + Level 17 Charms
 + Level 13 Summonings
 - Level 20 Necromancy
 + Level 15 Translocations
 - Level 23 Transmutations
 - Level 1 Fire Magic
 * Level 27 Ice Magic
 - Level 6 Air Magic
 + Level 21 Earth Magic
 - Level 2 Poison Magic
 * Level 27 Invocations
 + Level 23 Evocations


You couldn't memorise any spells.
You knew the following spells:

 Your Spells              Type           Power        Success   Level  Hunger
a - Portal Projectile     Tloc           #######      Perfect     2    None
c - Summon Elemental      Summ           ########..   Excellent   4    None
e - Dig                   Erth/Trmt      #########    Perfect     4    None
f - Bolt of Cold          Ice/Conj       #########.   Perfect     6    None
h - Iron Shot             Erth/Conj      #########.   Perfect     6    None
i - Flight                Air/Chrm       ########..   Excellent   4    None
j - Abjuration            Summ           ########..   Perfect     3    None
k - Ozocubu's Armour      Ice/Chrm       #########.   Perfect     3    None
l - Passwall              Erth/Trmt      #########.   Perfect     3    None
n - Lehudib's Crystal Sp  Erth/Conj      #########.   Excellent   8    Sultana
o - Repel Missiles        Air/Chrm       ########..   Perfect     2    None
p - Apportation           Tloc           ########..   Perfect     1    None
q - Control Teleport      Chrm/Tloc      ########..   Perfect     4    None
s - Swiftness             Air/Chrm       ########..   Perfect     2    None
x - Condensation Shield   Ice/Trmt       #########.   Perfect     4    None
y - Controlled Blink      Tloc           N/A          Excellent   7    None
A - Haste                 Chrm           ########.    Excellent   6    None
B - Blink                 Tloc           N/A          Perfect     2    None
E - Ice Storm             Ice/Conj       #########.   Excellent   9    Honeycomb

Dungeon Overview and Level Annotations

Branches:
Dungeon (27/27)            Temple (1/1) D:7             Orc (4/4) D:11
    Elf (5/5) Orc:3          Lair (8/8) D:9           Swamp (5/5) Lair:2
  Slime (6/6) Lair:6        Snake (5/5) Lair:3         Hive (2/2) D:14
  Vault (8/8) D:16          Blade (0/1) Vault:5       Crypt (5/5) Vault:4
   Tomb (3/3) Crypt:2         Dis (7/7) Hell            Geh (7/7) Hell
    Coc (7/7) Hell            Tar (7/7) Hell            Zot (5/5) D:27

Altars:
Ashenzari
Cheibriados
Elyvilon
Fedhas
Kikubaaqudgha
Makhleb
Nemelex Xobeh
Okawaru
Sif Muna
The Shining One
Trog
Vehumet
Xom
Yredelemnul
Zin
Jiyva

Shops:
D:13: %/+ D:16: [/[( D:20: ! D:23: [ D:24: * Orc:2: [ Orc:3: + Orc:4: ?+*( Snake:1: = Vault:2: /[! Vault:4: % Vault:7: ! Vault:8: ?%?

Portals:
Hell: D:21 D:22 D:23 D:24 D:25 D:26 D:27 Dis:1* Dis:2 Dis:3 Dis:4** Dis:5 Dis:6* Dis:7*** Geh:1** Geh:2 Geh:3 Geh:4*** Geh:5 Geh:6 Geh:7 Coc:1* Coc:2* Coc:3 Coc:4 Coc:5 Coc:7** Tar:1 Tar:2 Tar:3* Tar:4* Tar:5 Tar:6 Tar:7**
Abyss: D:22 D:23 D:25 D:26 D:27
Pan: D:23 D:24 D:27

Annotations
D:4 exclusion: small skeleton
D:26 exclusion: door
Elf:1 exclusions: Rupert and deep elf mage
Elf:4 exclusion: Roxanne
Lair:5 exclusion: oklob plant


Innate Abilities, Weirdness & Mutations

You have sharp fingernails.
You have very sharp teeth.
You are partially covered in colourless scales (AC +1).
You are agile (Dex +1).
You possess an exceptional clarity of mind.
Your natural rate of healing is unusually fast.
Your muscles are strong (Str +2).


Message History

A crackling disc of dense vapour forms in the air!
You drop 2 potions of magic.
You drop a potion of might.
You drop an uncursed ring of regeneration.
You drop a +4 ring of strength.
Are you sure you want to leave the Dungeon?
You have escaped!

......####.#####.#####.##########
.....># #.# #.# #.# ......# #.#
#.# #.# ......# #.# #.#
#.########## ......# #.# #.#
#.#......... ......# #.# ###'###
#.#......... ......# #.#
#.....###.#.######## ####<.#
#.###...........# ### #.%#
#......e........# #.. #..#
#.###...........# #.# #..# #.#
#.....###.#.######.# #..# #.#
###'### #.#........# #..# #.# #8#
#.#........# #..# #.# ##>
#.#........# #..# #.# {_
#.#........#
#..####.###########.#........#
#............................#


There were no monsters in sight!

Vanquished Creatures
  Asmodeus (Geh:7)
  Cerebov (Pan)
  Gloorx Vloq (Pan)
  Mnoleg (Pan)
  the royal jelly (Slime:6)
  Ereshkigal (Tar:7)
  Dispater (Dis:7)
  Khufu (Crypt:2)
  Lom Lobon (Pan)
  4 orbs of fire the Serpent of Hell (Geh:7)
  44 greater mummies
  13 ancient liches
  Saint Roka (D:17)
  Boris (4 times) (Crypt:5 Vault:7 D:21 D:23)
  A curse toe (Zot:2)
  Margery (D:24)
  Mennas (Crypt:5)
  Geryon (Hell)
  A Killer Klown (Zot:5)
  An illusory Mara (Crypt:5)
  Xtahua (D:25)
  93 Fiends
  Frederick (Vault:7)
  9 golden dragons
  5 electric golems
  72 Pit Fiends
  A hellephant (Abyss)
  183 demon lords
  Nikola (Vault:1)
  The ghost of soul the Cutthroat, a great SpSt of Ashenzari (Vault:8)
  13 titans
  29 acid blobs
  12 liches
  25 Orb Guardians (Zot:5)
  2 deep elf blademasters (Elf:5)
  22 shadow dragons
  A quicksilver dragon (Pan)
  2 eldritch tentacles
  17 storm dragons
  10 sphinxes
  Agnes (Elf:3)
  2 Daevas (Port)
  88 Shadow Fiends
  Frances (Snake:5)
  7 draconian monks
  Aizul (Vault:2)
  The ghost of BadBadger the Protected, a mighty DSBe of Trog (Elf:5)
  102 Balrugs
  111 Ice Fiends
  27 orc warlords (Port)
  19 frost giants
  11 ghouls
  128 Executioners
  6 draconian knights
  16 bone dragons
  Louise (Snake:5)
  2 Angels
  Maud (Swamp:3)
  3 draconian scorchers
  83 stone giants
  30 tentacled monstrosities
  24 azure jellies
  A quicksilver dragon zombie (Crypt:1)
  7 draconian zealots
  11 fire giants
  4 draconian shifters
  2 ice statues (Port)
  98 Cacodemons
  5 iron dragons
  A quicksilver dragon skeleton (Port)
  The ghost of iekko the Slicer, a powerful MiBe of Trog (Lair:8)
  4 draconian callers
  8 deep elf annihilators
  7 green draconians
  Jozef (Lair:4)
  4 deep elf death magi (Elf:5)
  7 mottled draconians
  12 draconian annihilators
  97 Green Deaths (Pan)
  7 deep elf sorcerers
  6 vampire knights
  19 greater nagas
  8 grey draconians
  5 red draconians
  5 black draconians
  6 white draconians
  Azrael (Vault:2)
  6 purple draconians
  124 Blue Deaths
  6 unborn deep dwarves (Port)
  9 yellow draconians
  7 deep elf master archers
  4 titan zombies
  Snorg (Orc:4)
  71 yaktaur captains
  11 ettins
  7 pale draconians
  3 storm dragon zombies (Port)
  2 titan skeletons
  10 great orbs of eyes
  38 mummy priests
  14 dragons
  12 dancing weapons
  A great orb of eyes (shapeshifter) (Port)
  2 storm dragon skeletons
  A siren (Port)
  24 vault guards (Vault:8)
  A quicksilver dragon simulacrum (Abyss)
  The ghost of Snowclone the Protected, a powerful MDBe of Trog (Orc:3)
  Josephine (Elf:1)
  6 death cobs
  A minotaur (Lab)
  Erica (Elf:2)
  Harold (Orc:4)
  15 death oozes
  3 golden dragon skeletons
  8 shadow dragon zombies
  28 ice dragons
  3 anaconda zombies (Port)
  32 hydras
  An ice dragon (shapeshifter) (Vault:8)
  Nessos (Elf:2)
  7 anacondas
  5 alligators
  6 deep elf demonologists
  14 ogre magi
  6 rakshasas
  2 sphinx zombies
  5 anaconda skeletons
  13 shadow dragon skeletons
  19 very ugly things
  5 fire giant zombies
  4 iron dragon zombies
  A merfolk impaler (Port)
  2 sphinx skeletons
  57 soul eaters
  6 griffons
  2 frost giant zombies
  7 hell hogs
  2 deep elf high priests (Elf:5)
  22 orc high priests
  13 death yaks
  3 draconian zombies
  6 stone giant zombies
  24 deep trolls
  5 fire giant skeletons
  2 frost giant skeletons
  39 sun demons
  7 stone giant skeletons
  2 iron dragon skeletons
  3 emperor scorpions (Port)
  79 ice devils
  9 iron golems
  6 death drakes
  7 iron trolls
  10 deep dwarf death knights
  44 centaur warriors
  Erolcha (D:8)
  18 hell knights
  An alligator snapping turtle zombie (Port)
  8 sea snake zombies
  A death yak zombie (Port)
  7 pale draconian zombies
  A red draconian zombie (Port)
  6 mottled draconian zombies
  6 green draconian zombies
  178 skeletal warriors
  4 giant orange brains
  20 naga warriors
  4 purple draconian zombies (Port)
  32 ghost moths
  11 shadow wraiths
  5 grey draconian zombies
  A sea snake (shapeshifter) (D:27)
  25 deep elf knights
  A swamp dragon (shapeshifter) (Vault:8)
  8 wizards
  20 flayed ghosts
  7 black draconian zombies
  72 orc knights
  The ghost of clouded the Basher, an experienced OgBe of Trog (D:7)
  5 white draconian zombies
  A yellow draconian zombie (Port)
  2 dire elephant skeletons
  4 harpies
  2 alligator snapping turtle skeletons (Port)
  90 hellions
  11 unseen horrors
  A vampire mage (Crypt:5)
  A hill giant (shapeshifter) (Vault:8)
  5 swamp dragons (Swamp:5)
  15 flaming corpses
  A lindwurm (shapeshifter) (D:23)
  37 orc sorcerers
  16 hill giants
  6 yellow draconian skeletons
  3 death yak skeletons
  32 giant amoebae
  2 red draconian skeletons
  8 siren zombies
  7 crystal golems
  The ghost of Exercu the Basher, an experienced MDFi of Okawaru (Orc:1)
  3 pale draconian skeletons
  7 white draconian skeletons
  10 necromancers
  5 green draconian skeletons
  10 purple draconian skeletons
  3 mottled draconian skeletons (Port)
  3 sea snake skeletons
  5 minotaur zombies
  2 hydra zombies
  32 red wasps
  3 black draconian skeletons
  3 grey draconian skeletons
  A lindwurm (Lair:7)
  4 iron troll skeletons
  A glowing shapeshifter (Vault:8)
  16 guardian serpents
  6 death drake zombies
  13 oklob plants
  16 phantasmal warriors
  118 sixfirhies
  2 hydra skeletons (Port)
  2 draconians (shapeshifter)
  5 death drake skeletons
  2 griffon zombies
  13 shining eyes
  29 Lorocyprocas (Pan)
  2 siren skeletons
  A guardian serpent (shapeshifter) (Hell)
  7 spiny worms
  Maurice (Snake:1)
  A red wasp zombie (Dis:4)
  4 stone golems
  46 moths of wrath
  5 cyclopes (shapeshifter)
  6 minotaur skeletons
  100 yaktaurs
  4 elves (shapeshifter)
  A fire crab (D:21)
  22 cyclopes
  An eye of devastation (shapeshifter) (Vault:7)
  A harpy skeleton (Geh:4)
  39 beasts
  16 ice dragon zombies
  3 dragon zombies
  5 elephants
  An alligator zombie (Coc:7)
  A shadow dragon simulacrum (Pan)
  328 orange demons
  A fountain mimic (Vault:2)
  101 reapers
  104 tormentors
  3 trapdoor spider zombies
  4 elephant slugs
  4 ettin zombies
  8 eyes of devastation
  2 guardian serpent zombies
  5 door mimics
  A weapon mimic (D:13)
  55 black mambas
  11 deep dwarf berserkers
  25 wolf spiders
  A stair mimic (D:18)
  4 alligator skeletons
  5 dragon skeletons
  An elephant (shapeshifter) (D:27)
  14 rock trolls
  15 trapdoor spiders
  A spiny worm zombie (Geh:7)
  A yaktaur (shapeshifter) (Vault:8)
  8 ice dragon skeletons
  7 ettin skeletons
  17 spiny frogs
  5 griffon skeletons
  325 hellwings
  2 hill giant zombies
  2 mermaids (Port)
  17 naga magi
  Psyche (D:8)
  A slime creature (shapeshifter) (Vault:8)
  145 guardian mummies
  183 ugly things
  129 slime creatures
  A black draconian simulacrum (Pan)
  A giant firefly zombie (Tar:4)
  2 mottled draconian simulacra
  A dire elephant simulacrum (Crypt:2)
  13 deep dwarf necromancers
  4 spriggans (shapeshifter)
  8 efreeti
  4 hill giant skeletons
  10 silent spectres
  19 redbacks
  A wandering mushroom (D:9)
  Sonja (D:15)
  A sea snake simulacrum (Port)
  123 iron devils
  204 large large abominations
  2 spiny frog zombies
  2 spriggan skeletons
  An agate snail zombie (Crypt:1)
  A polar bear (shapeshifter) (D:16)
  4 deep troll zombies
  2 queen bees
  3 snapping turtles (Port)
  25 trolls
  A raven zombie (Crypt:4)
  24 polar bears
  2 rock troll zombies
  A baby alligator (shapeshifter) (Elf:2)
  The ghost of BadBadger the Sneak, an average NaSt (D:4)
  23 giant toads
  2 ettin simulacra
  343 smoke demons
  14 deep dwarf artificers (Port)
  22 two-headed ogres
  35 blink frogs
  26 komodo dragons
  A bog mummy (Swamp:5)
  5 deep troll skeletons
  A baby alligator zombie (Crypt:4)
  5 baby alligators
  A brown ooze (shapeshifter) (Elf:3)
  A rotting hulk (Crypt:3)
  2 snapping turtle zombies (Port)
  A rock troll skeleton (Port)
  18 brown oozes
  2 dragon simulacra (Port)
  An elephant zombie (Abyss)
  4 merfolk zombies (Port)
  3 trapdoor spider simulacra
  12 bumblebees
  28 demonic crawlers
  7 deep dwarf zombies
  7 fire elementals
  2 lindwurm zombies
  86 blue devils
  4 wyverns
  117 yaks
  44 hairy devils
  52 wraiths
  6 air elementals
  Edmund (D:4)
  11 deep dwarf scions (Port)
  A swamp dragon zombie (Abyss)
  20 deep elf conjurers
  34 shadow demons
  2 merfolk skeletons
  3 elephant skeletons
  2 steam dragons
  A viper zombie (Crypt:2)
  A blink frog skeleton (Crypt:3)
  20 metal gargoyles
  29 vampires
  4 redback zombies
  A spiny worm simulacrum (Pan)
  21 vipers
  2 lindwurm skeletons (Port)
  12 hippogriffs
  A toenail golem (Abyss)
  A swamp dragon skeleton (Port)
  A blink frog zombie (Crypt:3)
  326 neqoxecs
  11 fire crab zombies
  39 deep elf fighters
  42 vampire mosquitoes
  12 deep elf summoners
  7 merfolk (Port)
  3 clay golems
  6 chaos spawn
  A hippogriff (shapeshifter) (Vault:5)
  10 fire drakes
  2 merfolk (shapeshifter) (Vault:8)
  5 manticores
  4 molten gargoyles (Geh:7)
  9 hungry ghosts
  323 ynoxinuls
  2 yaktaur zombies
  5 mottled dragons
  6 rock worms
  2 manticore zombies
  The ghost of melmothX the Reanimator, an average DSNe (D:3)
  25 golden eyes
  A komodo dragon skeleton (Crypt:5)
  3 yaktaur skeletons
  A jumping spider zombie (Tar:7)
  64 hell hounds
  8 gargoyles (D:16)
  2 jumping spiders (Port)
  3 soldier ants
  2 giant slug zombies
  2 orange crystal statues (Zot:5)
  5 cyclops zombies
  13 swamp worms
  98 orc warriors
  6 war dogs (Lair:8)
  51 freezing wraiths
  9 yellow wasps
  16 deep elf priests
  36 insubstantial wisps
  10 phantoms
  2 kobold demonologists
  A spiny frog simulacrum (Tomb:2)
  3 manticore skeletons
  58 necrophages
  A wyvern skeleton (Crypt:5)
  128 red devils
  37 ice beasts
  A giant goldfish zombie (Coc:7)
  An ogre (shapeshifter) (Vault:1)
  3 sky beasts
  27 deep dwarves
  An elephant simulacrum (Tomb:3)
  83 nagas
  18 swamp drakes
  A black bear (Lair:1)
  7 boring beetles
  3 giant goldfish
  2 cyclops skeletons
  33 centaurs
  A giant goldfish skeleton (Coc:7)
  11 gila monsters
  A troll skeleton (Elf:1)
  79 ogres
  A yak skeleton (Vault:3)
  26 deep elf magi
  A lava worm (Geh:4)
  Duvessa (D:8)
  65 rotting devils
  24 wolves
  A tarantella zombie (Tar:7)
  2 wolf zombies
  2 boulder beetle zombies
  18 wargs
  A yellow wasp zombie (Tar:2)
  16 giant slugs
  25 tarantellas (Port)
  A black bear zombie (Elf:1)
  14 crocodiles
  A giant leech (Swamp:2)
  A boring beetle zombie (Vault:5)
  A silver statue (Port)
  193 small abominations
  90 water moccasins
  216 earth elementals
  A two-headed ogre zombie (D:23)
  10 big kobolds
  8 agate snails
  17 giant frogs
  A black bear skeleton (Tomb:2)
  An eye of draining (shapeshifter) (D:19)
  A giant frog skeleton (Crypt:3)
  A giant frog (shapeshifter) (Vault:5)
  128 killer bees
  A troll simulacrum (Tomb:1)
  A water moccasin skeleton (Crypt:3)
  17 eyes of draining
  16 boulder beetles
  A boulder beetle (shapeshifter) (Vault:8)
  A grizzly bear simulacrum (Tomb:1)
  4 fire bats (Abyss)
  3 pulsating lumps (Port)
  A killer bee zombie (Crypt:4)
  2 jellyfish
  10 brain worms
  A felid zombie (Crypt:4)
  149 wights
  An ogre zombie (D:23)
  4 brain worm zombies
  A gnome zombie (Coc:7)
  4 lava fish
  2 crocodile zombies
  7 elf zombies
  8 electric eels
  2 gila monster zombies
  2 mottled dragon zombies
  5 lava snakes (Geh:7)
  Dowan (D:8)
  6 goliath beetles
  157 imps
  A big kobold skeleton (D:13)
  A mottled dragon skeleton (Coc:1)
  2 quasits
  A hound zombie (Dis:6)
  A spider zombie (Crypt:1)
  2 gila monster skeletons
  An ogre skeleton (Crypt:4)
  A warg simulacrum (Crypt:4)
  49 orc priests
  21 hounds
  3 hound skeletons
  9 iguanas
  324 iron imps
  71 shadows
  4 big fish
  51 deep elf soldiers
  33 scorpions
  59 orc wizards
  2 worker ant zombies
  6 orange rats
  7 worker ants
  A brain worm simulacrum (Vault:4)
  A swamp drake skeleton (Crypt:4)
  2 big fish skeletons (Coc:7)
  A spider simulacrum (Crypt:3)
  6 big fish zombies (Coc:7)
  36 sheep
  5 porcupines
  2 worm zombies
  An ogre simulacrum (Tomb:2)
  12 boggarts
  A steam dragon skeleton (Crypt:2)
  9 fire vortices (Pan)
  35 jellies
  39 mummies
  A goliath beetle zombie (D:15)
  A big fish simulacrum (Coc:7)
  10 gnolls
  2 sheep zombies (Crypt:4)
  158 flying skulls
  7 giant centipedes
  52 green rats
  425 lemures
  91 snakes
  28 giant mites
  2 iguana zombies
  310 midges
  94 shadow imps
  2 snake zombies (D:9)
  429 white imps
  2 iguana skeletons
  A porcupine zombie (Dis:5)
  11 worms
  609 ufetubi
  2 bat zombies
  12 giant eyeballs
  9 human zombies
  A megabat skeleton (Crypt:5)
  9 giant geckos
  A gnoll skeleton (Crypt:2)
  10 oozes
  499 orcs
  40 giant cockroaches
  14 grey rats
  45 hobgoblins
  50 jackals
  12 quokkas
  8 small snakes
  An ant larva (shapeshifter) (Vault:8)
  An ant larva zombie (Crypt:4)
  A giant cockroach simulacrum (Tar:6)
  A giant gecko skeleton (D:5)
  2 giant gecko zombies
  8 giant newts
  A giant newt skeleton (Geh:4)
  2 giant spores
  49 goblins
  A goblin simulacrum (Port)
  A goblin zombie (Port)
  2 hobgoblin simulacra (Port)
  2 hobgoblin skeletons
  A hobgoblin zombie (D:18)
  11 killer bee larvae
  A killer bee larva zombie (D:14)
  47 kobolds
  2 kobold zombies
  60 megabats
  An orc skeleton (Crypt:4)
  4 orc zombies
  A quokka skeleton (D:5)
  A quokka zombie (Crypt:2)
  38 rats
  A rat skeleton (D:5)
  2 rat zombies
  2 small snake zombies
  3 ballistomycetes (Port)
  25 butterflies
  A fungus (D:9)
  5 plants
  143 toadstools
13900 creatures vanquished.

Vanquished Creatures (collateral kills)
  A hydra zombie (Tomb:1)
  6 guardian mummies
  A polar bear (Port)
  A trapdoor spider simulacrum (Tomb:2)
  4 yaks (Port)
  A wyvern zombie (Tomb:1)
  A wolf (Port)
  8 killer bees (Lair:2)
  A hound (D:8)
  A flying skull (Tomb:1)
  46 mummies
  3 ufetubi (Tomb:1)
  A bat skeleton (Tomb:1)
  An orc (D:8)
  A hobgoblin (D:8)
  A quokka (D:8)
  3 killer bee larvae (Lair:2)
  A ballistomycete (D:8)
82 creatures vanquished.

Vanquished Creatures (others)
  A demon lord (Pan)
  2 eldritch tentacles (Pan)
  A Daeva (Pan)
  A Balrug (Pan)
  An Executioner (Pan)
  5 ball lightnings (Pan)
  A ghost moth (Zot:4)
  A grey draconian zombie (Crypt:5)
  A giant amoeba (D:20)
  An iron troll zombie (Vault:2)
  A pale draconian skeleton (Crypt:5)
  A sixfirhy (Pan)
  12 slime creatures
  A reaper (Pan)
  A hellwing (Pan)
  A yaktaur (Vault:5)
  5 large large abominations (Pan)
  3 ugly things
  A smoke demon (Pan)
  A redback zombie (Dis:7)
  4 trapdoor spider simulacra
  A hairy devil (Pan)
  2 neqoxecs (Pan)
  A yak zombie (Tomb:1)
  An ogre (D:25)
  A deep elf mage (Elf:5)
  A brain worm (Tomb:2)
  56 ice beasts
  A troll simulacrum (Tomb:1)
  18 small abominations
  3 wights
  2 iron imps (Pan)
  A hound (Lair:7)
  An orc priest (Orc:4)
  2 deep elf soldiers (Elf:1)
  A sheep (Lair:4)
  A boggart (D:23)
  3 mummies (Tomb:2)
  An elf zombie (Elf:1)
  26 lemures
  4 midges (Pan)
  An iguana zombie (Crypt:5)
  A shadow imp (Pan)
  A white imp (Pan)
  18 ufetubi
  12 orcs
  A megabat (D:21)
  A quokka (Lair:2)
  A giant newt (D:2)
  A giant spore (Abyss)
  3 goblins (Port)
  A goblin skeleton (Crypt:4)
  A jackal (Lair:4)
  3 rats
  A rat zombie (Crypt:5)
  A bush (Lair:2)
  172 eldritch tentacle segments
  14 fungi
  12 plants
  721 toadstools
1139 creatures vanquished.

Grand Total: 15121 creatures vanquished

Notes
Turn   | Place    | Note
--------------------------------------------------------------
     0 | D:1      | clouded, the Sludge Elf Ice Elementalist, began the quest for the Orb.
     0 | D:1      | Reached XP level 1. HP: 10/10 MP: 3/3
   232 | D:1      | Reached skill level 2 in Spellcasting
   295 | D:1      | Reached XP level 2. HP: 14/14 MP: 3/5
   334 | D:1      | Learned a level 2 spell: Throw Frost
   382 | D:1      | Reached skill level 4 in Ice Magic
   568 | D:1      | Found a shimmering altar of Xom.
   568 | D:1      | Found a shimmering altar of Xom.
   568 | D:1      | Found a shimmering altar of Xom.
   569 | D:1      | Found a shimmering altar of Xom.
  1020 | D:2      | Reached XP level 3. HP: 18/20 MP: 3/7
  1098 | D:2      | Reached skill level 5 in Ice Magic
  1408 | D:2      | Reached XP level 4. HP: 22/24 MP: 6/9
  1510 | D:3      | Noticed melmothX's ghost (average DSNe)
  1628 | D:3      | Defeated melmothX's ghost
  1628 | D:3      | Reached XP level 5. HP: 19/29 MP: 3/10
  1701 | D:3      | Reached skill level 6 in Ice Magic
  1787 | D:3      | Reached skill level 3 in Spellcasting
  2011 | D:3      | Reached skill level 3 in Stealth
  2013 | D:3      | Reached skill level 1 in Conjurations
  2180 | D:3      | You fall through a shaft!
  2180 | D:4      | Noticed BadBadger's ghost (average NaSt)
  2268 | D:4      | Reached skill level 7 in Ice Magic
  2431 | D:4      | Defeated BadBadger's ghost
  2431 | D:4      | Reached XP level 6. HP: 31/34 MP: 4/14
  2559 | D:4      | Reached skill level 2 in Conjurations
  2563 | D:4      | Reached XP level 7. HP: 39/39 MP: 3/16
  2646 | D:4      | Reached skill level 8 in Ice Magic
  2697 | D:4      | Noticed Edmund
  2713 | D:4      | Reached XP level 6. HP: 27/35 MP: 12/14
  2716 | D:4      | Reached skill level 3 in Dodging
  2719 | D:4      | Defeated Edmund
  2719 | D:4      | Reached XP level 7. HP: 17/39 MP: 9/16
  2878 | D:4      | Reached skill level 4 in Spellcasting
  3120 | D:3      | Reached skill level 3 in Conjurations
  3164 | D:3      | Learned a level 4 spell: Throw Icicle
  3183 | D:4      | Found a shattered altar of Ashenzari.
  3243 | D:4      | Reached skill level 9 in Ice Magic
  3568 | D:5      | Entered Level 5 of the Dungeon
  4475 | D:5      | Reached skill level 10 in Ice Magic
  5064 | D:6      | Reached skill level 4 in Conjurations
  5065 | D:6      | Noticed a yak
  5095 | D:6      | Defeated a yak
  5095 | D:6      | Reached XP level 8. HP: 16/43 MP: 3/19
  5201 | D:6      | Learned a level 3 spell: Mephitic Cloud
  5205 | D:6      | Learned a level 3 spell: Ozocubu's Armour
  5427 | D:6      | Reached skill level 1 in Unarmed Combat
  5457 | D:6      | Learned a level 2 spell: Swiftness
  5771 | D:7      | Reached skill level 2 in Unarmed Combat
  5868 | D:7      | Reached skill level 5 in Spellcasting
  6035 | D:7      | Found a staircase to the Ecumenical Temple.
  6044 | Temple   | Entered the Ecumenical Temple
  6131 | Temple   | Became a worshipper of Sif Muna the Loreminder
  6321 | D:7      | Noticed clouded's ghost (experienced OgBe)
  6401 | D:7      | Defeated clouded's ghost
  6687 | D:8      | Reached XP level 9. HP: 49/49 MP: 19/21
  6694 | D:8      | Noticed Erolcha
  6706 | D:8      | Defeated Erolcha
  6921 | D:8      | Reached skill level 3 in Unarmed Combat
  6922 | D:8      | Found a shimmering altar of Xom.
  6937 | D:8      | Noticed Dowan
  6938 | D:8      | Noticed Duvessa
  6939 | D:8      | Noticed Psyche
  6975 | D:8      | Reached skill level 11 in Ice Magic
  6975 | D:8      | Acquired Sif Muna's first power
  6977 | D:8      | Defeated Duvessa
  6993 | D:7      | Reached skill level 5 in Conjurations
  7082 | D:8      | Reached skill level 1 in Fighting
  7277 | D:8      | Reached skill level 4 in Unarmed Combat
  7281 | D:8      | Reached skill level 6 in Spellcasting
  7282 | D:8      | Defeated Dowan
  7455 | D:8      | Defeated Psyche
  7651 | D:8      | Reached skill level 1 in Charms
  7691 | D:8      | Acquired Sif Muna's second power
  7906 | D:8      | Reached skill level 12 in Ice Magic
  8031 | D:8      | Reached XP level 10. HP: 46/55 MP: 15/24
  8257 | D:9      | Paralysed by a yellow wasp for 3 turns
  8886 | D:9      | Reached skill level 4 in Stealth
  8944 | D:9      | Found a burning altar of Makhleb.
  9071 | D:9      | Noticed a wandering mushroom
  9083 | D:9      | Defeated a wandering mushroom
  9143 | D:9      | Found a staircase to the Lair.
  9354 | Lair:1   | Entered Level 1 of the Lair of Beasts
  9389 | Lair:1   | Reached skill level 7 in Spellcasting
  9508 | Lair:1   | Reached skill level 6 in Conjurations
  9800 | Lair:1   | Reached skill level 1 in Invocations
 10464 | Lair:1   | Reached skill level 13 in Ice Magic
 11085 | Lair:2   | Reached skill level 1 in Air Magic
 11087 | Lair:2   | Acquired Sif Muna's third power
 11091 | Lair:2   | Reached XP level 11. HP: 60/60 MP: 11/26
 11219 | Lair:2   | Reached skill level 1 in Poison Magic
 11220 | Lair:2   | Reached skill level 5 in Unarmed Combat
 11236 | Lair:2   | Reached skill level 7 in Conjurations
 11720 | Lair:2   | Reached skill level 2 in Invocations
 11726 | Lair:2   | Reached skill level 14 in Ice Magic
 11729 | Lair:2   | Reached skill level 8 in Spellcasting
 11885 | Lair:2   | Found a staircase to the Swamp.
 13230 | Lair:2   | Learned a level 1 spell: Apportation
 13234 | Lair:2   | Learned a level 3 spell: Passwall
 13894 | Lair:3   | Found a staircase to the Snake Pit.
 13904 | Lair:3   | Reached skill level 8 in Conjurations
 14008 | Lair:3   | Reached skill level 1 in Transmutations
 14484 | Lair:4   | Received a gift from Sif Muna
 14489 | Lair:4   | Got a droning book {god gift}
 14490 | Lair:4   | Identified Foisech's Papyrus of Cold {god gift} (Sif Muna gifted it to you on level 4 of the Lair of Beasts)
 14558 | Lair:4   | Reached skill level 1 in Earth Magic
 14687 | Lair:4   | Noticed Jozef
 14795 | Lair:4   | Defeated Jozef
 15063 | Lair:4   | Reached skill level 2 in Transmutations
 15065 | Lair:4   | Reached skill level 2 in Earth Magic
 15066 | Lair:4   | Reached skill level 9 in Spellcasting
 15311 | Lair:4   | Reached XP level 12. HP: 65/65 MP: 21/29
 15404 | Lair:4   | Reached skill level 3 in Transmutations
 15407 | Lair:4   | Reached skill level 3 in Earth Magic
 15671 | Lair:4   | Reached skill level 2 in Charms
 16598 | Lair:5   | Received a gift from Sif Muna
 16686 | Lair:4   | Learned a level 6 spell: Bolt of Cold
 16709 | Lair:5   | Reached skill level 9 in Conjurations
 16777 | Lair:5   | Reached skill level 5 in Stealth
 16854 | Lair:5   | Reached skill level 4 in Dodging
 16855 | Lair:5   | Reached skill level 10 in Spellcasting
 17306 | Lair:4   | Reached skill level 3 in Charms
 17645 | Lair:5   | Got an inconspicuous book {god gift}
 17652 | Lair:5   | Identified Louise's Collected Works on Arcane Weapons {god gift} (Sif Muna gifted it to you on level 5 of the Lair of Beasts)
 18195 | Lair:5   | Reached skill level 11 in Spellcasting
 18334 | Lair:5   | Reached skill level 4 in Charms
 18478 | Lair:5   | Received a gift from Sif Muna
 18479 | Lair:5   | Got an inconspicuous book {god gift}
 18480 | Lair:5   | Identified Zaneaw's Collected Works on Attacks {god gift} (Sif Muna gifted it to you on level 5 of the Lair of Beasts)
 18664 | Lair:5   | Reached skill level 10 in Conjurations
 19663 | Lair:6   | Found a labyrinth entrance.
 19788 | Lab      | Entered a Labyrinth
 20015 | Lab      | Got a glittering ivory ring
 20016 | Lab      | Got a pitted robe
 20025 | Lab      | Identified the +0 robe of Feasting (You found it in a Labyrinth)
 20027 | Lab      | Identified the ring of Vubytaos (You found it in a Labyrinth)
 20313 | Lair:4   | Reached skill level 12 in Spellcasting
 20313 | Lair:4   | Received a gift from Sif Muna
 20320 | Lair:4   | Got a rare book {god gift}
 20321 | Lair:4   | Identified Sif Muna's Easy Theurgy {god gift} (Sif Muna gifted it to you on level 4 of the Lair of Beasts)
 20339 | Lair:4   | Reached skill level 1 in Traps & Doors
 20590 | Lair:6   | Found a frozen archway.
 20800 | IceCv    | Entered an ice cave
 21220 | IceCv    | Reached skill level 11 in Conjurations
 21394 | IceCv    | Reached XP level 13. HP: 68/68 MP: 6/32
 23839 | IceCv    | Reached skill level 12 in Conjurations
 24240 | IceCv    | Reached skill level 1 in Evocations
 24245 | IceCv    | Received a gift from Sif Muna
 24443 | IceCv    | Learned a level 4 spell: Ice Form
 24621 | Lair:6   | Reached skill level 2 in Fighting
 24706 | Lair:6   | Reached skill level 5 in Charms
 24713 | Lair:6   | Reached skill level 13 in Spellcasting
 25243 | Lair:6   | Found a staircase to the Slime Pits.
 26168 | Lair:7   | Reached skill level 2 in Poison Magic
 26305 | Lair:7   | Reached skill level 6 in Charms
 27336 | Lair:8   | Entered Level 8 of the Lair of Beasts
 27666 | Lair:8   | Noticed iekko's ghost (powerful MiBe)
 27751 | Lair:8   | Defeated iekko's ghost
 27751 | Lair:8   | Reached XP level 14. HP: 54/74 MP: 5/34
 27851 | Lair:8   | Received a gift from Sif Muna
 28229 | Lair:8   | Reached skill level 1 in Translocations
 28294 | Lair:7   | Reached skill level 4 in Transmutations
 28410 | Lair:8   | Reached skill level 14 in Spellcasting
 28658 | Lair:7   | Reached skill level 5 in Dodging
 29086 | Lair:2   | Identified a scroll of acquirement
 29087 | Lair:2   | Got a pair of heavily runed gloves
 29091 | Lair:2   | Identified the +1 pair of gloves "Xutyiq" (You acquired it on level 2 of the Lair of Beasts)
 29325 | Lair:8   | Reached skill level 6 in Unarmed Combat
 29790 | Lair:8   | Reached skill level 2 in Air Magic
 29911 | Lair:8   | Reached skill level 1 in Stabbing
 29933 | Lair:8   | Reached skill level 7 in Charms
 29951 | Lair:8   | Reached skill level 6 in Dodging
 30222 | Lair:8   | Reached skill level 7 in Unarmed Combat
 30401 | Lair:8   | Got an encrusted sling
 30402 | Lair:8   | Identified the sling of Reapportionment {venom, Str+3 Int-2} (You found it on level 8 of the Lair of Beasts)
 31139 | Lair:2   | Received a gift from Sif Muna
 31152 | Lair:2   | Learned a level 6 spell: Freezing Cloud
 31255 | D:10     | Entered Level 10 of the Dungeon
 32089 | D:11     | Found a staircase to the Orcish Mines.
 32504 | D:11     | Noticed a centaur warrior
 32510 | D:11     | Defeated a centaur warrior
 32672 | D:11     | Learned a level 2 spell: Repel Missiles
 32675 | D:11     | Learned a level 2 spell: Blink
 34242 | Orc:1    | Entered Level 1 of the Orcish Mines
 34533 | Orc:3    | Found Tirogair's Book Shoppe.
 35035 | Orc:3    | Noticed Snowclone's ghost (powerful MDBe)
 35072 | Orc:3    | Defeated Snowclone's ghost
 35280 | Orc:2    | Reached XP level 15. HP: 69/79 MP: 21/36
 35511 | Orc:3    | Found a staircase to the Elven Halls.
 35857 | Orc:2    | Found Ivepalad's Armour Boutique.
 35869 | Orc:2    | Bought the +0 pair of boots of the Shining Light {Acc+4 Dam+2} for 216 gold pieces
 36268 | Orc:1    | Reached skill level 2 in Traps & Doors
 36754 | Orc:1    | Noticed Exercu's ghost (experienced MDFi)
 36791 | Orc:1    | Defeated Exercu's ghost
 37379 | Orc:4    | Entered Level 4 of the Orcish Mines
 37384 | Orc:4    | Noticed Snorg
 37389 | Orc:4    | Defeated Snorg
 37790 | Orc:4    | Reached skill level 6 in Stealth
 37801 | Orc:4    | Noticed Harold
 37862 | Orc:4    | Defeated Harold
 37932 | Orc:4    | Reached skill level 8 in Charms
 38347 | Orc:4    | Paralysed by an orc sorcerer for 6 turns
 38813 | Orc:4    | Found Wiagg's Antique Weapon Shop.
 38813 | Orc:4    | Found Denoyfan's Assorted Antiques.
 38813 | Orc:4    | Noticed an orc high priest
 38819 | Orc:4    | Defeated an orc high priest
 38842 | Orc:4    | Reached skill level 15 in Spellcasting
 39014 | Orc:4    | Received a gift from Sif Muna
 39018 | Orc:4    | Got a yellowed book {god gift}
 39019 | Orc:4    | Identified Sif Muna's Compendium of Calling {god gift} (Sif Muna gifted it to you on level 4 of the Orcish Mines)
 39089 | Orc:4    | Found Xueciahi's Magic Scroll Boutique.
 39090 | Orc:4    | Found Kuvidoip's Book Boutique.
 39397 | Orc:4    | Bought a scroll of curse armour for 1 gold piece
 39412 | Orc:4    | Bought a book of Wizardry for 330 gold pieces
 40637 | D:12     | Reached skill level 3 in Invocations
 40638 | D:12     | Reached skill level 5 in Transmutations
 40638 | D:12     | Reached skill level 7 in Dodging
 41142 | D:13     | Found Kleap's Magical Wand Boutique.
 41142 | D:13     | Found Hiwiong's Food Shop.
 41168 | D:13     | Bought a wand of healing (2) for 423 gold pieces
 41906 | D:13     | Reached skill level 8 in Unarmed Combat
 42146 | D:13     | Found Cucaosey's Book Shoppe.
 42258 | D:13     | Got a faintly humming leather armour
 43000 | D:14     | Reached skill level 3 in Fighting
 43454 | D:14     | Found a staircase to the Hive.
 43459 | D:14     | Got a smoking sabre
 43801 | D:14     | Reached skill level 9 in Charms
 43819 | D:14     | Reached XP level 16. HP: 78/85 MP: 5/37
 44061 | Hive:1   | Entered Level 1 of the Hive
 44231 | Hive:2   | Entered Level 2 of the Hive
 44483 | Hive:2   | Reached skill level 8 in Dodging
 44806 | Hive:2   | Received a gift from Sif Muna
 44820 | Hive:2   | Got a conspicuous book {god gift}
 44821 | Hive:2   | Identified Sif Muna's Disquisition on Conjuration {god gift} (Sif Muna gifted it to you on level 2 of the Hive)
 45999 | Lair:2   | Identified the +3 leather armour of Throe (You found it on level 13 of the Dungeon)
 46010 | Lair:2   | Identified the sabre of Extermination {slice, +Rage} (You found it on level 14 of the Dungeon)
 46024 | Lair:2   | Learned a level 6 spell: Haste
 46295 | D:15     | Entered Level 15 of the Dungeon
 46301 | D:15     | Reached skill level 9 in Unarmed Combat
 46623 | D:15     | Noticed Sonja
 46748 | D:15     | Found a bloodstained altar of Trog.
 46767 | D:15     | Defeated Sonja
 46880 | D:15     | Reached skill level 9 in Dodging
 47054 | D:15     | Reached skill level 6 in Transmutations
 47800 | D:16     | Found Udoizxon's Antique Weapon Emporium.
 47814 | D:16     | Found Gitiar's Armour Boutique.
 47817 | D:16     | Found Fedar's Magical Wand Boutique.
 48113 | D:16     | Noticed a gargoyle
 48113 | D:16     | Noticed a gargoyle
 48113 | D:16     | Noticed a gargoyle
 48113 | D:16     | Noticed a gargoyle
 48113 | D:16     | Noticed a gargoyle
 48113 | D:16     | Noticed a gargoyle
 48113 | D:16     | Noticed a gargoyle
 48123 | D:16     | Defeated a gargoyle
 48126 | D:16     | Defeated a gargoyle
 48132 | D:16     | Defeated a gargoyle
 48135 | D:16     | Defeated a gargoyle
 48137 | D:16     | Defeated a gargoyle
 48153 | D:16     | Defeated a gargoyle
 48155 | D:16     | Defeated a gargoyle
 48156 | D:16     | Noticed a gargoyle
 48163 | D:16     | Defeated a gargoyle
 48249 | D:16     | Noticed a yaktaur captain
 48257 | D:16     | Defeated a yaktaur captain
 48258 | D:16     | Found a staircase to the Vaults.
 49046 | D:16     | Found Crulust's Antique Armour Shop.
 49058 | D:16     | Bought an embroidered robe for 18 gold pieces
 49270 | D:17     | HP: 17/85 [poisoned by a soldier ant]
 49275 | D:17     | HP: 14/85 [poisoned by a soldier ant]
 49281 | D:17     | HP: 12/85 [poisoned by a soldier ant]
 49290 | D:16     | HP: 10/85 [poisoned by a soldier ant]
 49295 | D:16     | HP: 9/85 [poisoned by a soldier ant]
 49303 | D:16     | HP: 10/85 [poisoned by a soldier ant]
 49310 | D:16     | HP: 10/85 [poisoned by a soldier ant]
 49327 | D:16     | HP: 12/85 [poisoned by a soldier ant]
 49332 | D:16     | HP: 12/85 [poisoned by a soldier ant]
 49343 | D:16     | HP: 14/85 [poisoned by a soldier ant]
 49348 | D:16     | HP: 14/85 [poisoned by a soldier ant]
 49355 | D:16     | HP: 13/85 [poisoned by a soldier ant]
 49361 | D:16     | HP: 13/85 [poisoned by a soldier ant]
 49367 | D:16     | HP: 13/85 [poisoned by a soldier ant]
 49373 | D:16     | HP: 12/85 [poisoned by a soldier ant]
 49387 | D:16     | HP: 14/85 [poisoned by a soldier ant]
 49402 | D:16     | HP: 15/85 [poisoned by a soldier ant]
 49408 | D:16     | HP: 15/85 [poisoned by a soldier ant]
 49414 | D:16     | HP: 16/85 [poisoned by a soldier ant]
 49790 | D:17     | Reached skill level 4 in Fighting
 50912 | D:17     | Found an ancient bone altar of Kikubaaqudgha.
 50912 | D:17     | Reached skill level 7 in Stealth
 51142 | D:17     | Reached skill level 16 in Spellcasting
 51150 | D:17     | Reached skill level 10 in Unarmed Combat
 51166 | D:17     | Noticed Saint Roka
 51218 | D:17     | HP: 15/105 [orc priest/divine providence[Saint Roka] (8)]
 51944 | D:17     | Defeated Saint Roka
 51944 | D:17     | Reached XP level 17. HP: 59/92 MP: 2/38
 51944 | D:17     | Reached skill level 2 in Evocations
 52038 | D:16     | HP: 13/92 [yak (11)]
 52510 | D:17     | Received a gift from Sif Muna
 52511 | D:17     | Got a graven book {god gift}
 52512 | D:17     | Identified Sif Muna's Compendium of Damaging Toxins {god gift} (Sif Muna gifted it to you on level 17 of the Dungeon)
 52751 | D:17     | Reached skill level 10 in Dodging
 53480 | D:18     | Reached skill level 11 in Unarmed Combat
 54674 | D:18     | Paralysed by a wizard for 2 turns
 55421 | Lair:2   | Learned a level 1 spell: Fulsome Distillation
 55618 | Elf:1    | Entered Level 1 of the Elven Halls
 55935 | Elf:1    | Reached skill level 10 in Charms
 56055 | Elf:1    | Noticed Rupert
 56288 | Elf:1    | Reached skill level 7 in Transmutations
 57406 | Elf:1    | Noticed Josephine
 57411 | Elf:1    | Defeated Josephine
 57508 | Elf:1    | Reached skill level 3 in Air Magic
 57546 | Elf:1    | HP: 15/92 [deep elf priest/divine providence (16)]
 58919 | Vault:1  | Entered Level 1 of the Vaults
 59598 | Vault:1  | Reached XP level 18. HP: 95/97 MP: 24/39
 59697 | Vault:1  | Noticed Nikola
 59715 | Vault:1  | Defeated Nikola
 59757 | Vault:1  | Received a gift from Sif Muna
 59764 | Vault:1  | Got a glistering book {god gift}
 59765 | Vault:1  | Identified Sif Muna's Volume of Conjuration {god gift} (Sif Muna gifted it to you on level 1 of the Vaults)
 60406 | Vault:1  | Got a heavily runed cloak
 60411 | Vault:1  | Identified the +2 cloak "Bleve" (You found it on level 1 of the Vaults)
 60485 | Vault:1  | Reached skill level 11 in Dodging
 60991 | Vault:2  | Noticed Azrael
 60991 | Vault:2  | Noticed a fire elemental
 60991 | Vault:2  | Noticed a fire elemental
 60991 | Vault:2  | Noticed a fire elemental
 60991 | Vault:2  | Noticed a fire elemental
 60991 | Vault:2  | Noticed a fire elemental
 61632 | Vault:2  | Noticed Aizul
 61922 | Vault:2  | Defeated a fire elemental
 62131 | Vault:2  | Found Kexkye's Antique Armour Shoppe.
 62332 | Vault:2  | Found Qewod's Magical Wand Shoppe.
 62453 | Vault:2  | Defeated a fire elemental
 62454 | Vault:2  | Defeated a fire elemental
 62455 | Vault:2  | Defeated a fire elemental
 62555 | Vault:2  | Defeated a fire elemental
 62588 | Vault:2  | Defeated Azrael
 62712 | Vault:2  | Reached skill level 1 in Necromancy
 62985 | Vault:2  | Found Zaizepi's Distillery.
 62994 | Vault:2  | Bought a potion of confusion for 1 gold piece
 62994 | Vault:2  | Bought a potion of strong poison for 1 gold piece
 63012 | Vault:2  | Defeated Aizul
 63236 | Vault:2  | Reached skill level 8 in Stealth
 63241 | Vault:2  | Reached skill level 5 in Fighting
 63247 | Vault:2  | Reached skill level 2 in Necromancy
 63248 | Vault:2  | Reached skill level 8 in Transmutations
 63649 | Vault:3  | Reached skill level 12 in Unarmed Combat
 63838 | Vault:3  | Reached skill level 17 in Spellcasting
 64434 | Vault:3  | Received a gift from Sif Muna
 64454 | Vault:3  | Got a graven book {god gift}
 64455 | Vault:3  | Identified Sif Muna's Grimoire of Aid {god gift} (Sif Muna gifted it to you on level 3 of the Vaults)
 64921 | Vault:4  | Gained mutation: You have sharp fingernails.
 64941 | Vault:4  | Gained mutation: You can spit poison.
 65001 | Vault:4  | Gained mutation: Your body is slowly deteriorating.
 65160 | Vault:2  | Gained mutation: You possess an exceptional clarity of mind.
 65161 | Vault:2  | Gained mutation: You have very sharp teeth.
 65187 | Vault:2  | Gained mutation: Your natural rate of healing is unusually fast.
 65920 | Vault:3  | You fall through a shaft!
 65922 | Vault:4  | Found Thrabree's Food Boutique.
 66339 | Vault:4  | Found a staircase to the Crypt.
 66339 | Vault:4  | Found an ancient bone altar of Kikubaaqudgha.
 66340 | Vault:4  | Found a basalt altar of Yredelemnul.
 66583 | Vault:4  | Reached XP level 19. HP: 90/105 MP: 18/40
 66758 | Vault:4  | Gained mutation: You are frail (-10% HP).
 66759 | Vault:4  | Gained mutation: You tend to lose your temper in combat.
 66989 | Vault:4  | Noticed a deep elf priest
 66992 | Vault:4  | Noticed a deep elf mage
 66993 | Vault:4  | Defeated a deep elf priest
 66994 | Vault:4  | Noticed a deep elf mage
 66995 | Vault:4  | Noticed a deep elf conjurer
 67110 | Vault:4  | Defeated a deep elf mage
 67370 | Vault:4  | Gained mutation: You have a pair of small horns on your head.
 67371 | Vault:4  | Gained mutation: You have a slow metabolism.
 67372 | Vault:4  | Lost mutation: You can spit poison.
 67373 | Vault:4  | Lost mutation: You are frail (-10% HP).
 67977 | Vault:4  | Found a magical portal.
 67980 | WizLab   | Entered Tukima's Studio
 68229 | WizLab   | Reached skill level 2 in Translocations
 68880 | WizLab   | Reached skill level 3 in Necromancy
 68963 | Vault:4  | Defeated a deep elf conjurer
 69528 | Vault:5  | Reached skill level 9 in Transmutations
 69582 | Vault:5  | Received a gift from Sif Muna
 69598 | Vault:5  | Got an inconspicuous book {god gift}
 69808 | Vault:5  | Lost mutation: Your body is slowly deteriorating.
 69808 | Vault:5  | Gained mutation: You are partially covered in colourless scales (AC +1).
 69808 | Vault:5  | Lost mutation: You have a pair of small horns on your head.
 69985 | Vault:5  | Identified Sif Muna's Disquisition on Spatial Enhancements {god gift} (Sif Muna gifted it to you on level 5 of the Vaults)
 70691 | Vault:5  | Found a staircase to the Hall of Blades.
 71103 | Vault:5  | Reached skill level 4 in Necromancy
 71660 | Vault:5  | Reached skill level 18 in Spellcasting
 71963 | Vault:6  | Reached skill level 12 in Dodging
 72387 | Vault:6  | Got a slimy short sword
 72960 | Lair:2   | Identified the cursed short sword of the Candelabrum {slice, rElec SInv} (You found it on level 6 of the Vaults)
 73185 | Elf:2    | Reached XP level 20. HP: 78/109 MP: 41/41
 73332 | Elf:2    | Noticed Nessos
 73342 | Elf:2    | Defeated Nessos
 73350 | Elf:2    | Reached skill level 13 in Unarmed Combat
 73464 | Elf:2    | Noticed Erica
 73538 | Elf:2    | Defeated Erica
 74055 | Elf:2    | Received a gift from Sif Muna
 74056 | Elf:2    | Got a conspicuous book {god gift}
 74057 | Elf:2    | Identified Sif Muna's Grimoire of Transmigration {god gift} (Sif Muna gifted it to you on level 2 of the Elven Halls)
 74547 | Elf:2    | Reached skill level 13 in Conjurations
 74936 | Elf:3    | Noticed Wiglaf
 75180 | Elf:3    | Noticed Agnes
 75193 | Elf:3    | Defeated Agnes
 75369 | Elf:3    | Reached skill level 15 in Ice Magic
 75628 | Elf:3    | Noticed an orc priest
 75630 | Elf:3    | Defeated an orc priest
 76788 | Elf:4    | Noticed Roxanne
 76821 | Elf:4    | Found a radiant altar of Vehumet.
 77846 | Elf:5    | Entered Level 5 of the Elven Halls
 78986 | Elf:5    | Noticed BadBadger's ghost (mighty DSBe)
 79026 | Elf:5    | Defeated BadBadger's ghost
 79063 | Elf:5    | Reached skill level 6 in Fighting
 79445 | Elf:5    | Got a shimmering robe
 80332 | Lair:2   | Learned a level 4 spell: Flight
 80867 | Elf:5    | Reached skill level 5 in Necromancy
 80867 | Elf:5    | Reached skill level 10 in Transmutations
 81291 | Elf:5    | Reached skill level 3 in Translocations
 81482 | Elf:5    | Received a gift from Sif Muna
 81487 | Elf:5    | Got a conspicuous book {god gift}
 81488 | Elf:5    | Identified Sif Muna's Handbook of Conjuration {god gift} (Sif Muna gifted it to you on level 5 of the Elven Halls)
 81651 | Elf:5    | Noticed a deep elf blademaster
 81660 | Elf:5    | Reached skill level 11 in Charms
 81671 | Elf:5    | Defeated a deep elf blademaster
 81715 | Elf:5    | Noticed a deep elf master archer
 81716 | Elf:5    | Defeated a deep elf master archer
 81863 | Elf:5    | Reached skill level 6 in Necromancy
 81873 | Elf:5    | Reached skill level 11 in Transmutations
 82130 | Elf:5    | Noticed a deep elf blademaster
 82142 | Elf:5    | Defeated a deep elf blademaster
 82356 | Elf:5    | Noticed a deep elf master archer
 82372 | Elf:5    | Defeated a deep elf master archer
 82561 | Elf:5    | Got a fine tin ring
 82646 | Elf:5    | Got a slimy sabre {drain}
 82646 | Elf:5    | Got a jewelled hand axe
 82681 | Elf:5    | Got a pair of steaming gloves
 82693 | Elf:5    | Identified the hand axe "Loasm" {elec, MUT+ Dex+2} (You took it off a deep elf sorcerer on level 5 of the Elven Halls)
 82724 | Elf:5    | Identified the -4 robe of the Good (You found it on level 5 of the Elven Halls)
 82728 | Elf:5    | Identified a +4 rod of destruction [inacc,magma,cold] (14/14) (You found it on level 5 of the Elven Halls)
 82729 | Elf:5    | Identified a +9 rod of demonology (14/14) (You took it off a deep elf death mage on level 5 of the Elven Halls)
 82734 | Elf:5    | Identified the cursed -2 pair of gloves "Blool" (You found it on level 5 of the Elven Halls)
 82734 | Elf:5    | Identified the ring "Inkot" (You found it on level 5 of the Elven Halls)
 83232 | Snake:1  | Entered Level 1 of the Snake Pit
 83353 | Snake:1  | Noticed Maurice
 83360 | Snake:1  | Defeated Maurice
 83546 | Snake:1  | Found Nebyups' Jewellery Emporium.
 83592 | Snake:1  | Bought an uncursed amulet of conservation for 280 gold pieces
 83868 | Snake:2  | Reached XP level 21. HP: 118/118 MP: 42/42
 84463 | Snake:2  | You fall through a shaft!
 84933 | Snake:3  | Found an iron altar of Okawaru.
 86137 | Snake:5  | Entered Level 5 of the Snake Pit
 86847 | Crypt:1  | Entered Level 1 of the Crypt
 87184 | Crypt:2  | Received a gift from Sif Muna
 87185 | Crypt:2  | Got an engraved book {god gift}
 87186 | Crypt:2  | Identified Sif Muna's Almanac of Power {god gift} (Sif Muna gifted it to you on level 2 of the Crypt)
 87470 | Crypt:2  | Reached skill level 3 in Traps & Doors
 87928 | Crypt:2  | Reached skill level 7 in Necromancy
 88030 | Crypt:2  | You fall through a shaft!
 88403 | Crypt:1  | Reached skill level 2 in Stabbing
 88804 | Crypt:2  | Reached skill level 19 in Spellcasting
 89230 | Crypt:2  | Noticed Khufu
 90020 | Crypt:2  | Reached skill level 14 in Unarmed Combat
 90143 | Crypt:2  | Defeated Khufu
 90179 | Crypt:1  | Reached skill level 12 in Transmutations
 90378 | Crypt:3  | Reached skill level 13 in Dodging
 90641 | Crypt:3  | Reached skill level 8 in Necromancy
 90821 | Crypt:3  | HP: 26/134 [water moccasin skeleton (2)]
 90828 | Crypt:3  | HP: 15/134 [skeletal warrior/ runed hand axe (14)]
 90831 | Crypt:3  | Reached XP level 22. HP: 16/114 MP: 12/43
 92298 | Lair:2   | Received a gift from Sif Muna
 92300 | Lair:2   | Got a yellowed book {god gift}
 92301 | Lair:2   | Identified Sif Muna's Collected Works on Black Secrets {god gift} (Sif Muna gifted it to you on level 2 of the Lair of Beasts)
 92819 | Crypt:4  | Reached skill level 9 in Stealth
 93389 | Crypt:4  | Reached skill level 7 in Fighting
 93810 | Crypt:5  | Entered Level 5 of the Crypt
 94998 | Crypt:5  | Got an iridescent longbow
 95005 | Crypt:5  | Noticed Mennas
 95122 | Crypt:5  | Defeated Mennas
 95371 | Crypt:5  | Reached skill level 13 in Transmutations
 95784 | Crypt:5  | Found an ancient bone altar of Kikubaaqudgha.
 95784 | Crypt:5  | Noticed an ancient lich
 96800 | Crypt:5  | Noticed Boris
 96995 | Crypt:5  | Defeated Boris
 97144 | Crypt:5  | HP: 27/138 [silent spectre (4)]
 97456 | Crypt:5  | HP: 21/138 [skeletal warrior/long sword (24)]
 97458 | Crypt:5  | HP: 9/138 [skeletal warrior/long sword (10)]
 98549 | Lair:2   | Learned a level 6 spell: Statue Form
 98555 | Lair:2   | Identified the cursed longbow of Osuthyi {frost, Dex+3} (You found it on level 5 of the Crypt)
 99262 | Crypt:5  | HP: 29/172 [hell knight/bolt of fire (9)]
 99298 | Crypt:5  | Noticed a lich
 99520 | Crypt:5  | Defeated a lich
 99681 | Crypt:5  | Noticed a lich
 99695 | Crypt:5  | Defeated a lich
 99695 | Crypt:5  | Reached XP level 23. HP: 119/119 MP: 17/44
 99849 | Crypt:5  | Noticed Mara
100186 | Crypt:5  | Noticed clouded's ghost (great SEIE)
100651 | Crypt:5  | HP: 28/178 [Mara/bolt of fire (19)]
100653 | Crypt:5  | HP: 9/178 [Mara/bolt of fire (11)]
101034 | Crypt:5  | Defeated an ancient lich
101081 | Crypt:5  | Reached skill level 9 in Necromancy
101244 | Crypt:5  | Got a smoking brass ring
101247 | Crypt:5  | Identified the ring "Skatiupe" (You found it on level 5 of the Crypt)
102580 | Vault:4  | Received a gift from Sif Muna
102581 | Vault:4  | Got a rare book {god gift}
102582 | Vault:4  | Identified Sif Muna's Papyrus of Circular Logic {god gift} (Sif Muna gifted it to you on level 4 of the Vaults)
103146 | Vault:6  | Noticed a crystal golem
103167 | Vault:6  | Defeated a crystal golem
103531 | Vault:6  | Reached skill level 14 in Dodging
104001 | Vault:7  | Noticed Frederick
104015 | Vault:7  | Defeated Frederick
104366 | Vault:7  | Reached skill level 14 in Transmutations
104380 | Vault:7  | Reached skill level 15 in Unarmed Combat
105296 | Vault:7  | Noticed Boris
105331 | Vault:7  | Defeated Boris
105358 | Vault:7  | Reached skill level 20 in Spellcasting
105366 | Vault:7  | Received a gift from Sif Muna
105367 | Vault:7  | Got a graven book {god gift}
105368 | Vault:7  | Identified Sif Muna's Grimoire of Evil {god gift} (Sif Muna gifted it to you on level 7 of the Vaults)
105529 | Vault:7  | Learned a level 4 spell: Dispel Undead
105949 | Vault:7  | Reached skill level 10 in Necromancy
106157 | Vault:7  | Found Uriakhl Xist's Distillery.
106252 | Vault:7  | Bought a potion of heal wounds for 39 gold pieces
106252 | Vault:7  | Bought a potion of heal wounds for 39 gold pieces
106252 | Vault:7  | Bought a potion of heal wounds for 39 gold pieces
106252 | Vault:7  | Bought a potion of healing for 26 gold pieces
106252 | Vault:7  | Bought a potion of healing for 26 gold pieces
108150 | D:20     | Entered Level 20 of the Dungeon
108389 | D:20     | Reached XP level 24. HP: 122/122 MP: 38/45
108814 | D:20     | Found Gehommepn's Distillery.
109426 | D:21     | Noticed Boris
110203 | D:21     | Defeated Boris
110387 | D:21     | Found a gateway to Hell.
111225 | D:22     | Reached skill level 11 in Necromancy
111939 | D:22     | Found a one-way gate to the infinite horrors of the Abyss.
112065 | D:22     | Noticed a deep elf mage
112065 | D:22     | Defeated a deep elf mage
112591 | D:23     | Noticed Boris
112606 | D:23     | Defeated Boris
112929 | D:23     | Found a one-way gate leading to the halls of Pandemonium.
113307 | D:23     | Received a gift from Sif Muna
113691 | D:23     | Found Xiexit's Armour Shop.
114320 | Lair:2   | Paralysed by you for 6 turns
115022 | D:24     | Reached skill level 21 in Spellcasting
115466 | D:24     | Reached XP level 25. HP: 130/130 MP: 10/46
115499 | D:24     | Noticed Margery
115506 | D:24     | Found Ingaq Wuu's General Store.
115790 | D:24     | Defeated Margery
115938 | D:24     | Reached skill level 12 in Necromancy
116184 | D:24     | Reached skill level 15 in Transmutations
116543 | D:25     | Entered Level 25 of the Dungeon
116618 | D:25     | Reached skill level 12 in Charms
117783 | D:25     | Learned a level 3 spell: Regeneration
118911 | D:25     | Noticed Xtahua
118918 | D:25     | Defeated Xtahua
118925 | D:25     | Reached skill level 8 in Fighting
118926 | D:25     | Received a gift from Sif Muna
118928 | D:25     | Got a torn book {god gift}
118929 | D:25     | Identified Struar's Collected Works on Sinister Rites and Battle Magic {god gift} (Sif Muna gifted it to you on level 25 of the Dungeon)
120067 | D:26     | Noticed a fire elemental
120067 | D:26     | Noticed a fire elemental
120068 | D:26     | Noticed a fire elemental
120726 | D:26     | Reached skill level 13 in Necromancy
121174 | D:27     | Entered Level 27 of the Dungeon
121459 | D:27     | Got a sky-blue amulet
122156 | D:27     | Reached skill level 4 in Air Magic
122634 | D:27     | Reached skill level 22 in Spellcasting
122637 | D:27     | Received a gift from Sif Muna
122639 | D:27     | Got a torn book {god gift}
122640 | D:27     | Identified Viage's Papyrus of Conjuration {god gift} (Sif Muna gifted it to you on level 27 of the Dungeon)
123254 | D:27     | Identified the amulet of the Air (You found it on level 27 of the Dungeon)
124089 | Swamp:1  | Entered Level 1 of the Swamp
124703 | Swamp:3  | Noticed Maud
124725 | Swamp:3  | Defeated Maud
125235 | Swamp:5  | Entered Level 5 of the Swamp
126855 | Swamp:5  | Got a decaying rune of Zot
127569 | Snake:5  | Found a shimmering altar of Xom.
127701 | Snake:5  | Reached XP level 26. HP: 138/138 MP: 35/47
128033 | Snake:5  | Noticed Louise
128041 | Snake:5  | Defeated Louise
128790 | Snake:5  | Noticed Frances
128808 | Snake:5  | Defeated Frances
128911 | Snake:5  | Reached skill level 16 in Transmutations
128987 | Snake:5  | Received a gift from Sif Muna
129876 | Snake:5  | Reached skill level 14 in Necromancy
129965 | Snake:5  | Got a serpentine rune of Zot
130285 | Snake:5  | Reached skill level 23 in Spellcasting
132183 | Orc:3    | Bought a Necronomicon for 1725 gold pieces
132193 | Orc:3    | Learned a level 8 spell: Necromutation
132639 | Vault:8  | Entered Level 8 of the Vaults
132804 | Vault:8  | Reached skill level 4 in Invocations
133597 | Vault:8  | Noticed soul's ghost (great SpSt)
133616 | Vault:8  | Defeated soul's ghost
134143 | Vault:8  | Reached XP level 27. HP: 141/143 MP: 48/48
134194 | Vault:8  | Reached skill level 5 in Invocations
134398 | Vault:8  | Noticed an iron dragon
134418 | Vault:8  | Defeated an iron dragon
134445 | Vault:8  | Received a gift from Sif Muna
134447 | Vault:8  | Got an antique book {god gift}
134448 | Vault:8  | Identified Sif Muna's Volume of Feathery Conjuration {god gift} (Sif Muna gifted it to you on level 8 of the Vaults)
134510 | Vault:8  | Reached skill level 14 in Conjurations
134605 | Vault:8  | Got a dazzling cloak
134619 | Vault:8  | Identified the cursed -2 cloak of the Hall of Blades (You found it on level 8 of the Vaults)
134957 | Vault:8  | Reached skill level 16 in Ice Magic
134975 | Vault:8  | Reached skill level 6 in Invocations
135370 | Vault:8  | Got a phosphorescent cloak
135372 | Vault:8  | Got a twitching sapphire amulet
135379 | Vault:8  | Got a silver rune of Zot
135386 | Vault:8  | Identified the amulet of the Lost Mice (You found it on level 8 of the Vaults)
135689 | Vault:8  | Reached skill level 16 in Unarmed Combat
135730 | Vault:8  | Found Karaxae's Magic Scroll Boutique.
135734 | Vault:8  | Bought a scroll of curse jewellery for 1 gold piece
135734 | Vault:8  | Bought a scroll of curse weapon for 1 gold piece
135763 | Vault:8  | Noticed a deep elf demonologist
135764 | Vault:8  | Defeated a deep elf demonologist
135765 | Vault:8  | Found Thrien's Magic Scroll Emporium.
135765 | Vault:8  | Found Ejionlao's Food Boutique.
136221 | Vault:8  | Received a gift from Sif Muna
136278 | Vault:8  | Got a wavering emerald amulet
136692 | Vault:8  | Noticed an iron dragon
136709 | Vault:8  | Defeated an iron dragon
136919 | Vault:8  | Identified the amulet "Miosiurph" (You found it on level 8 of the Vaults)
136997 | Vault:7  | Identified the +0 cloak of Starlight (You found it on level 8 of the Vaults)
137558 | Lair:2   | Learned a level 5 spell: Summon Ice Beast
138271 | Crypt:2  | Found a staircase to the Tomb.
138290 | Tomb:1   | Entered Level 1 of the Tomb of the Ancients
138360 | Tomb:1   | Identified a +5 rod of destruction [ice] (11/11) (You found it on level 1 of the Tomb of the Ancients)
138458 | Crypt:2  | Reached skill level 7 in Invocations
138688 | Tomb:1   | Reached skill level 4 in Earth Magic
139157 | Tomb:1   | Reached skill level 24 in Spellcasting
139492 | Tomb:1   | Reached skill level 17 in Transmutations
139788 | Tomb:1   | Received a gift from Sif Muna
139791 | Tomb:1   | Reached skill level 5 in Earth Magic
139793 | Tomb:1   | Got a yellowed book {god gift}
139794 | Tomb:1   | Identified Lee's Incunabulum of Conjuration and Air {god gift} (Sif Muna gifted it to you on level 1 of the Tomb of the Ancients)
140690 | Tomb:1   | Reached skill level 1 in Summonings
140697 | Tomb:1   | Reached skill level 17 in Ice Magic
141090 | Tomb:2   | Got a slimy sling
141219 | Tomb:2   | Got an inconspicuous book
141221 | Tomb:2   | Identified the Volume of Glacial Curses (You found it on level 2 of the Tomb of the Ancients)
142220 | Tomb:1   | Reached skill level 2 in Summonings
142583 | Tomb:1   | Received a gift from Sif Muna
142617 | Tomb:1   | Reached skill level 8 in Invocations
142628 | Tomb:1   | Got a black book {god gift}
142629 | Tomb:1   | Identified Sif Muna's Reference Book on Glacial Confrontation {god gift} (Sif Muna gifted it to you on level 1 of the Tomb of the Ancients)
142881 | Tomb:1   | Reached skill level 15 in Conjurations
143073 | Tomb:1   | Reached skill level 25 in Spellcasting
143137 | Tomb:1   | Reached skill level 18 in Ice Magic
143533 | Tomb:2   | Reached skill level 15 in Necromancy
143843 | Tomb:3   | Entered Level 3 of the Tomb of the Ancients
144413 | Tomb:3   | Received a gift from Sif Muna
144415 | Tomb:3   | Got a colourful book {god gift}
144434 | Tomb:2   | Identified Sif Muna's Incunabulum of Companions {god gift} (Sif Muna gifted it to you on level 3 of the Tomb of the Ancients)
145463 | Vault:2  | Bought a potion of restore abilities for 50 gold pieces
145463 | Vault:2  | Bought a potion of restore abilities for 50 gold pieces
145463 | Vault:2  | Bought a potion of restore abilities for 50 gold pieces
146940 | Tomb:2   | Reached skill level 9 in Fighting
146951 | Tomb:2   | Reached skill level 9 in Invocations
147853 | Tomb:3   | Got a golden rune of Zot
148008 | Tomb:3   | Received a gift from Sif Muna
148009 | Tomb:3   | Got a droning book {god gift}
148012 | Tomb:2   | Identified Sif Muna's Handbook of Creation {god gift} (Sif Muna gifted it to you on level 3 of the Tomb of the Ancients)
148024 | Tomb:2   | Reached skill level 26 in Spellcasting
148527 | Tomb:3   | Got a warped turquoise ring
148534 | Tomb:3   | Reached skill level 4 in Translocations
150125 | Tomb:3   | Got a pitted long sword
150130 | Tomb:3   | Got a conspicuous book
150152 | Tomb:3   | Got a motley cloak
150163 | Tomb:3   | Got a smoking bow
150165 | Tomb:3   | Got a conspicuous book
150169 | Tomb:3   | Got a colourful book
150193 | Tomb:3   | Got a jewelled quarterstaff
150328 | Tomb:3   | Got a shimmering spiked flail
150332 | Tomb:3   | Got a transparent triple sword
151081 | Lair:2   | Identified the quarterstaff "Plimaet" {crush, Str+3} (You found it on level 3 of the Tomb of the Ancients)
151082 | Lair:2   | Identified the spiked flail of the Puffin {antimagic, Str+2} (You found it on level 3 of the Tomb of the Ancients)
151083 | Lair:2   | Identified the triple sword of Chaos {venom, *TELE Str+2} (You took it off a mummy priest on level 3 of the Tomb of the Ancients)
151099 | Lair:2   | Identified the +1 ratskin cloak (You found it on level 3 of the Tomb of the Ancients)
151104 | Lair:2   | Identified the ring of the Zebra (You found it on level 3 of the Tomb of the Ancients)
151111 | Lair:2   | Identified the Tome of Cloudy Protection (You found it on level 3 of the Tomb of the Ancients)
151111 | Lair:2   | Identified the Handbook of Beguiling (You found it on level 3 of the Tomb of the Ancients)
151111 | Lair:2   | Identified the Collected Works on Enthralling Arcane Weapons (You found it on level 3 of the Tomb of the Ancients)
151690 | Zot:1    | Entered Level 1 of the Realm of Zot
152406 | Zot:5    | Entered Level 5 of the Realm of Zot
152492 | Zot:3    | Reached skill level 19 in Ice Magic
152764 | Zot:2    | Received a gift from Sif Muna
152766 | Zot:2    | Got a glistering book {god gift}
152767 | Zot:2    | Identified Sif Muna's Incunabulum of the Entourage {god gift} (Sif Muna gifted it to you on level 2 of the Realm of Zot)
153440 | Zot:1    | Reached skill level 16 in Conjurations
153629 | Zot:1    | Lost mutation: You have a slow metabolism.
153743 | Zot:1    | Noticed an orb of fire
153784 | Zot:1    | Defeated an orb of fire
154435 | Zot:2    | Reached skill level 20 in Ice Magic
155158 | Zot:3    | Reached skill level 17 in Unarmed Combat
155180 | Zot:3    | Received a gift from Sif Muna
155386 | Zot:3    | Reached skill level 10 in Invocations
155939 | Zot:3    | Reached skill level 4 in Traps & Doors
156803 | Zot:4    | Reached skill level 21 in Ice Magic
156825 | Zot:4    | Reached skill level 17 in Conjurations
157057 | Zot:4    | Received a gift from Sif Muna
157068 | Zot:4    | Got a blackened book {god gift}
157070 | Zot:4    | Identified Ysteser's Incunabulum of Creation {god gift} (Sif Muna gifted it to you on level 4 of the Realm of Zot)
158075 | Lair:2   | Learned a level 9 spell: Ice Storm
158271 | Slime:1  | Entered Level 1 of the Pits of Slime
158711 | Slime:1  | Reached skill level 10 in Fighting
158856 | Slime:3  | Reached skill level 22 in Ice Magic
159135 | Slime:3  | Received a gift from Sif Muna
159137 | Slime:3  | Got an inconspicuous book {god gift}
159138 | Slime:3  | Identified Sif Muna's Guide on Summoning {god gift} (Sif Muna gifted it to you on level 3 of the Pits of Slime)
159422 | Slime:6  | Entered Level 6 of the Pits of Slime
159485 | Slime:6  | Found a viscous altar of Jiyva.
159488 | Slime:6  | Defeated the royal jelly
159649 | Slime:5  | Reached skill level 18 in Conjurations
159662 | Slime:5  | Reached skill level 11 in Invocations
159754 | Slime:6  | Reached skill level 23 in Ice Magic
160007 | Slime:6  | Got a polished cloak
160020 | Slime:6  | Got a slimy rune of Zot
160045 | Slime:6  | Identified the -3 cloak of Context (You found it on level 6 of the Pits of Slime)
160854 | Hell     | Entered the Vestibule of Hell
160854 | Hell     | Noticed Geryon
160859 | Hell     | Defeated Geryon
161025 | D:21     | Received a gift from Sif Muna
161041 | D:21     | Got a levitating book {god gift}
161170 | Hell     | Reached skill level 18 in Unarmed Combat
161190 | Hell     | Noticed a guardian serpent
161191 | Hell     | Defeated a guardian serpent
161384 | Hell     | Found a gateway to the decaying netherworld of Tartarus.
161469 | Hell     | Lost mutation: You tend to lose your temper in combat.
161530 | Hell     | Found a gateway to the freezing wastes of Cocytus.
161614 | Hell     | Found a gateway to the Iron City of Dis.
161670 | Hell     | Found a gateway to the ashen valley of Gehenna.
161867 | Hell     | Identified Sif Muna's Catalogue of Clay and Combat Magic {god gift} (Sif Muna gifted it to you on level 21 of the Dungeon)
161893 | D:21     | Learned a level 6 spell: Iron Shot
162372 | Zot:5    | Reached skill level 13 in Charms
162556 | Zot:5    | Reached skill level 24 in Ice Magic
162563 | Zot:5    | Noticed an ancient lich
162566 | Zot:5    | Defeated an ancient lich
162578 | Zot:5    | Noticed an orb of fire
162580 | Zot:5    | Received a gift from Sif Muna
162589 | Zot:5    | Defeated an orb of fire
163059 | Zot:5    | Defeated an ancient lich
163101 | Zot:5    | Noticed an orb of fire
163105 | Zot:5    | Defeated an orb of fire
163108 | Zot:5    | Noticed an ancient lich
163116 | Zot:5    | Defeated an ancient lich
163119 | Zot:5    | Noticed an orb of fire
163162 | Zot:5    | Reached skill level 19 in Conjurations
163254 | Zot:4    | Reached skill level 25 in Ice Magic
163275 | Zot:4    | Received a gift from Sif Muna
163281 | Zot:4    | Got an inconspicuous book {god gift}
163282 | Zot:4    | Identified Sif Muna's Guide on Twisted Creation {god gift} (Sif Muna gifted it to you on level 4 of the Realm of Zot)
163404 | Zot:5    | Noticed an ancient lich
163410 | Zot:5    | Defeated an ancient lich
163424 | Zot:5    | Defeated an orb of fire
163426 | Zot:5    | Noticed an ancient lich
163431 | Zot:5    | Defeated an ancient lich
163433 | Zot:5    | Reached skill level 12 in Invocations
163672 | Zot:5    | Reached skill level 6 in Earth Magic
163734 | Zot:5    | Got a black book {god gift}
163735 | Zot:5    | Identified Sif Muna's Reference Book on Feathery Attacks {god gift} (Sif Muna gifted it to you on level 5 of the Realm of Zot)
164379 | Geh:1    | Entered Level 1 of Gehenna
164983 | D:12     | Received a gift from Sif Muna
164985 | D:12     | Got a rare book {god gift}
164986 | D:12     | Identified Sif Muna's Incunabulum of Evil {god gift} (Sif Muna gifted it to you on level 12 of the Dungeon)
165132 | Lair:2   | Learned a level 3 spell: Abjuration
165175 | Lair:2   | Reached skill level 5 in Translocations
165196 | Lair:2   | Reached skill level 6 in Translocations
165243 | Lair:2   | Reached skill level 7 in Translocations
165275 | Lair:2   | Reached skill level 8 in Translocations
165343 | Lair:2   | Learned a level 4 spell: Condensation Shield
165936 | Geh:2    | Noticed a stone golem
165948 | Geh:2    | Defeated a stone golem
165996 | Geh:2    | Reached skill level 20 in Conjurations
166132 | Geh:4    | Noticed a Fiend
166134 | Geh:4    | Defeated a Fiend
166153 | Geh:4    | Noticed a Fiend
166153 | Geh:4    | Defeated a Fiend
166183 | Geh:4    | Reached skill level 3 in Summonings
166460 | Geh:4    | Noticed a Fiend
166463 | Geh:4    | Defeated a Fiend
166517 | Geh:5    | Noticed a Fiend
166521 | Geh:5    | Defeated a Fiend
166522 | Geh:5    | Reached skill level 15 in Dodging
166532 | Geh:5    | Reached skill level 11 in Fighting
166730 | Geh:7    | Entered Level 7 of Gehenna
166909 | Geh:7    | Noticed the Serpent of Hell
166913 | Geh:7    | Defeated the Serpent of Hell
166924 | Geh:7    | Noticed a Fiend
166928 | Geh:7    | Defeated a Fiend
166966 | Geh:7    | Noticed an efreet
166967 | Geh:7    | Defeated an efreet
166986 | Geh:7    | Noticed a Fiend
166988 | Geh:7    | Defeated a Fiend
167015 | Geh:7    | Received a gift from Sif Muna
167017 | Geh:7    | Got a yellowed book {god gift}
167084 | Geh:7    | Noticed a Fiend
167086 | Geh:7    | Defeated a Fiend
167125 | Geh:7    | Noticed a Fiend
167127 | Geh:7    | Defeated a Fiend
167148 | Geh:7    | Noticed a Fiend
167152 | Geh:7    | Defeated a Fiend
167284 | Geh:7    | Noticed Asmodeus
167286 | Geh:7    | Noticed a Fiend
167288 | Geh:7    | Noticed a Fiend
167289 | Geh:7    | Defeated a Fiend
167290 | Geh:7    | Defeated a Fiend
167308 | Geh:7    | Noticed a Pit Fiend
167308 | Geh:7    | Noticed a Pit Fiend
167310 | Geh:7    | Defeated Asmodeus
167310 | Geh:7    | Defeated a Pit Fiend
167310 | Geh:7    | Defeated a Pit Fiend
167329 | Geh:7    | Got a ruby sceptre
167363 | Geh:7    | Noticed a Fiend
167365 | Geh:7    | Defeated a Fiend
167391 | Geh:7    | Got a twisted hammer
167430 | Geh:7    | Got a bloodstained blowgun
167446 | Geh:7    | Got a bloodstained leather armour
167454 | Geh:7    | Got a colourful book
167472 | Geh:7    | Got an obsidian rune of Zot
167474 | Geh:7    | Identified Pledghoh's Handbook of Frigorific Bewitchment {god gift} (Sif Muna gifted it to you on level 7 of Gehenna)
167474 | Geh:7    | Identified Jayl's Compendium of Talismans and Snow (You found it on level 7 of Gehenna)
167633 | Hell     | Reached skill level 9 in Translocations
167721 | Hell     | Reached skill level 10 in Translocations
167810 | Hell     | Reached skill level 11 in Translocations
168238 | Lair:2   | Learned a level 7 spell: Controlled Blink
168700 | Dis:1    | Entered Level 1 of the Iron City of Dis
168822 | Dis:4    | Reached skill level 19 in Unarmed Combat
169047 | Dis:4    | Reached skill level 7 in Earth Magic
169214 | Dis:6    | Received a gift from Sif Muna
169216 | Dis:6    | Got a conspicuous book {god gift}
169409 | Dis:6    | Reached skill level 14 in Charms
169425 | Dis:7    | Entered Level 7 of the Iron City of Dis
169788 | Dis:7    | Noticed a Fiend
169790 | Dis:7    | Defeated a Fiend
169869 | Dis:7    | Identified Pacuutrule's Incunabulum of Displaced Good Luck {god gift} (Sif Muna gifted it to you on level 6 of the Iron City of Dis)
169917 | Dis:7    | Noticed an iron dragon
169923 | Dis:7    | Defeated an iron dragon
169924 | Dis:7    | Noticed an iron dragon
169925 | Dis:7    | Noticed an iron dragon
169928 | Dis:7    | Defeated an iron dragon
169928 | Dis:7    | Defeated an iron dragon
169952 | Dis:7    | Noticed a Fiend
169955 | Dis:7    | Defeated a Fiend
170262 | Dis:7    | Reached skill level 13 in Invocations
170288 | Dis:7    | Reached skill level 8 in Earth Magic
170298 | Dis:7    | Noticed a Fiend
170300 | Dis:7    | Noticed Dispater
170301 | Dis:7    | Defeated a Fiend
170337 | Dis:7    | Defeated Dispater
170360 | Dis:7    | Got a golden staff
170436 | Dis:7    | Got a scintillating brass amulet
170443 | Dis:7    | Got an iron rune of Zot
170478 | Dis:7    | Noticed a Fiend
170480 | Dis:7    | Reached skill level 21 in Conjurations
170482 | Dis:7    | Defeated a Fiend
170495 | Dis:7    | Got a steel ring
170506 | Dis:7    | Got an encrusted morningstar
170700 | Tar:1    | Entered Level 1 of Tartarus
171177 | Tar:4    | Reached skill level 20 in Unarmed Combat
171266 | Tar:4    | Received a gift from Sif Muna
171267 | Tar:4    | Got a sparkling book {god gift}
171555 | Tar:7    | Entered Level 7 of Tartarus
171736 | Tar:7    | Reached skill level 12 in Fighting
172525 | Tar:7    | Noticed Ereshkigal
172573 | Tar:7    | Defeated Ereshkigal
172612 | Tar:7    | Got a bone rune of Zot
172751 | Tar:7    | Reached skill level 21 in Unarmed Combat
172818 | Tar:7    | Reached skill level 16 in Dodging
172902 | Tar:7    | Got a steaming diamond amulet
172916 | Tar:7    | Identified Sif Muna's Volume of Baldness {god gift} (Sif Muna gifted it to you on level 4 of Tartarus)
173651 | Vault:8  | Bought a scroll of enchant weapon I for 76 gold pieces
173651 | Vault:8  | Bought a scroll of enchant weapon II for 88 gold pieces
173651 | Vault:8  | Bought a scroll of identify for 32 gold pieces
173651 | Vault:8  | Bought a scroll of identify for 32 gold pieces
173651 | Vault:8  | Bought a scroll of identify for 32 gold pieces
173663 | Vault:8  | Bought a scroll of identify for 32 gold pieces
173675 | Vault:8  | Bought a scroll of detect curse for 32 gold pieces
174111 | Hell     | Identified the blowgun "Geod Tros" {speed, Dex+2} (You found it on level 7 of Gehenna)
174112 | Hell     | Identified the morningstar "Eos" {elec, -TELE rElec SInv} (You found it on level 7 of the Iron City of Dis)
174113 | Hell     | Identified the Staff of Dispater (You took it off Dispater on level 7 of the Iron City of Dis)
174114 | Hell     | Identified the Sceptre of Asmodeus (You took it off Asmodeus on level 7 of Gehenna)
174116 | Hell     | Identified the amulet "Qoanihol" (You found it on level 7 of the Iron City of Dis)
174116 | Hell     | Identified the amulet "Huip" (You found it on level 7 of Tartarus)
174116 | Hell     | Identified the ring of Robustness (You found it on level 7 of the Iron City of Dis)
174174 | Coc:1    | Entered Level 1 of Cocytus
174286 | Coc:1    | Reached skill level 1 in Shields
174793 | Coc:6    | Reached skill level 9 in Earth Magic
174839 | Coc:7    | Entered Level 7 of Cocytus
174932 | Coc:7    | Received a gift from Sif Muna
174933 | Coc:7    | Got an antique book {god gift}
175117 | Coc:7    | Noticed Antaeus
175332 | Coc:7    | Got an icy rune of Zot
175577 | Hell     | Identified Sif Muna's Compendium of the Rocks {god gift} (Sif Muna gifted it to you on level 7 of Cocytus)
175999 | Lair:2   | Learned a level 4 spell: Dig
176153 | D:13     | Bought a wand of teleportation (4) for 367 gold pieces
177641 | Pan      | Entered Pandemonium
177697 | Pan      | Reached skill level 10 in Earth Magic
177723 | Pan      | Noticed Schuec the pandemonium lord
177725 | Pan      | Defeated Schuec the pandemonium lord
178109 | Pan      | Reached skill level 4 in Summonings
178155 | Pan      | Noticed Veulumy the pandemonium lord
178162 | Pan      | Defeated Veulumy the pandemonium lord
178225 | Pan      | Got a brightly glowing steel ring
178454 | Pan      | Reached skill level 22 in Conjurations
178458 | Pan      | Noticed Enkiomem the pandemonium lord
178462 | Pan      | Defeated Enkiomem the pandemonium lord
178651 | Pan      | Entered the realm of Mnoleg.
178651 | Pan      | Noticed Mnoleg
178656 | Pan      | Got a glowing rune of Zot
178894 | Pan      | Reached skill level 5 in Air Magic
179034 | Pan      | Received a gift from Sif Muna
179166 | Pan      | Defeated Mnoleg
179179 | Pan      | Reached skill level 22 in Unarmed Combat
179200 | Pan      | Reached skill level 13 in Fighting
179602 | Pan      | Noticed Nakourgh the pandemonium lord
179604 | Pan      | Defeated Nakourgh the pandemonium lord
179626 | Pan      | Reached skill level 11 in Earth Magic
179842 | Pan      | Noticed Strumaitz the pandemonium lord
179844 | Pan      | Defeated Strumaitz the pandemonium lord
180049 | Pan      | Reached skill level 5 in Traps & Doors
180283 | Pan      | Noticed Zash the pandemonium lord
180286 | Pan      | Defeated Zash the pandemonium lord
180404 | Pan      | Reached skill level 14 in Invocations
180472 | Pan      | Found a gateway to a ziggurat.
180605 | Pan      | Noticed Xibaudomp the pandemonium lord
180607 | Pan      | Defeated Xibaudomp the pandemonium lord
180607 | Pan      | Received a gift from Sif Muna
180616 | Pan      | Got a glistering book {god gift}
180632 | Pan      | Identified Sif Muna's Compendium of Unstable Enhancements {god gift} (Sif Muna gifted it to you in Pandemonium)
180649 | Pan      | Identified the cursed ring "Naqaagy" (You found it in Pandemonium)
180830 | Pan      | Noticed Piatwue the pandemonium lord
180832 | Pan      | Reached skill level 26 in Ice Magic
180835 | Pan      | Defeated Piatwue the pandemonium lord
181091 | Pan      | Found a gateway to a ziggurat.
181293 | Pan      | Reached skill level 23 in Unarmed Combat
181301 | Pan      | Reached skill level 12 in Translocations
181453 | Pan      | Reached skill level 23 in Conjurations
181514 | Pan      | Noticed Nav Thups the pandemonium lord
181523 | Pan      | Defeated Nav Thups the pandemonium lord
181687 | Pan      | Reached skill level 10 in Stealth
181877 | Pan      | Got a demonic rune of Zot
182078 | Pan      | Reached skill level 12 in Earth Magic
182381 | Pan      | Noticed Mihaor the pandemonium lord
182387 | Pan      | Defeated Mihaor the pandemonium lord
182414 | Pan      | Got a pitted ivory amulet
182417 | Pan      | Identified the amulet of Frenlad (You found it in Pandemonium)
182523 | Pan      | Reached skill level 17 in Dodging
182602 | Pan      | Entered the realm of Gloorx Vloq.
182613 | Pan      | Got a twitching marble ring
182614 | Pan      | Identified the ring "Ghitha" (You found it in Pandemonium)
183082 | Pan      | Noticed Gloorx Vloq
183129 | Pan      | Defeated Gloorx Vloq
183421 | Pan      | Got a dark rune of Zot
183518 | Pan      | Reached skill level 14 in Fighting
183669 | Pan      | Entered the realm of Cerebov.
183838 | Pan      | Received a gift from Sif Muna
184010 | Pan      | Noticed Cerebov
184131 | Pan      | Defeated Cerebov
184165 | Pan      | Got a great serpentine sword
184248 | Pan      | Got a fiery rune of Zot
184306 | Pan      | Got a smoking bone ring
184307 | Pan      | Identified the ring of Uvunison (You found it in Pandemonium)
184482 | Pan      | Got a heavily runed ivory ring
185164 | Pan      | You are cast into the Abyss!
185164 | Pan      | Cast into the Abyss (distortion unwield)
185164 | Abyss    | Entered The Abyss
185193 | Abyss    | Noticed a toenail golem
185201 | Abyss    | Defeated a toenail golem
185247 | Abyss    | Noticed a jelly
185256 | Abyss    | Defeated a jelly
185278 | Abyss    | Reached skill level 24 in Unarmed Combat
185286 | Abyss    | Noticed a hell knight
185289 | Abyss    | Noticed a hell knight
185293 | Abyss    | Defeated a hell knight
185297 | Abyss    | Defeated a hell knight
185462 | Abyss    | Noticed a deep dwarf berserker
185462 | Abyss    | Noticed a pale draconian shifter
185465 | Abyss    | Defeated a deep dwarf berserker
185571 | Abyss    | Noticed a phantasmal warrior
185585 | Abyss    | Defeated a phantasmal warrior
185816 | D:23     | You pass through the gate.
185845 | Hell     | Identified the ring of Vanity (You found it in Pandemonium)
186344 | Lair:2   | Learned a level 8 spell: Lehudib's Crystal Spear
187017 | Pan      | Noticed Juetsuish the pandemonium lord
187272 | Pan      | Defeated Juetsuish the pandemonium lord
187597 | Pan      | Noticed Miufeira the pandemonium lord
187614 | Pan      | Reached skill level 24 in Conjurations
187752 | Pan      | Defeated Miufeira the pandemonium lord
187875 | Pan      | Got a demonic rune of Zot
188046 | Pan      | Noticed Ibbis the pandemonium lord
188051 | Pan      | Defeated Ibbis the pandemonium lord
188276 | Pan      | Got a dazzling helmet
188300 | Pan      | Identified the +2 helmet of the Portal Chambers (You found it in Pandemonium)
188314 | Pan      | Entered the realm of Lom Lobon.
188842 | Pan      | Received a gift from Sif Muna
189033 | Pan      | Noticed Lom Lobon
189059 | Pan      | Defeated Lom Lobon
189232 | Pan      | Reached skill level 13 in Earth Magic
189242 | Pan      | Got a magical rune of Zot
189452 | Pan      | Got a fine leather armour
189454 | D:23     | You pass through the gate.
190611 | Pan      | Noticed Dautufi the pandemonium lord
190615 | Pan      | Defeated Dautufi the pandemonium lord
190635 | Pan      | Reached skill level 25 in Unarmed Combat
191109 | Pan      | Noticed Cunwae the pandemonium lord
191117 | Pan      | Defeated Cunwae the pandemonium lord
191139 | Pan      | Reached skill level 18 in Dodging
191340 | Pan      | Noticed Moepnaur the pandemonium lord
191358 | Pan      | Defeated Moepnaur the pandemonium lord
191905 | Pan      | Noticed Odeost the pandemonium lord
191908 | Pan      | Defeated Odeost the pandemonium lord
192130 | Pan      | Noticed Blisydy the pandemonium lord
192141 | Pan      | Reached skill level 25 in Conjurations
192147 | Pan      | Defeated Blisydy the pandemonium lord
192235 | Pan      | Reached skill level 11 in Stealth
192240 | Pan      | Reached skill level 26 in Unarmed Combat
192708 | Pan      | Noticed Micsu the pandemonium lord
192728 | Pan      | Defeated Micsu the pandemonium lord
192761 | Pan      | Got a demonic rune of Zot
192889 | Pan      | Received a gift from Sif Muna
192891 | Pan      | Got a droning book {god gift}
192892 | Pan      | Identified Sif Muna's Incunabulum of Unstable Displacement {god gift} (Sif Muna gifted it to you in Pandemonium)
192972 | Pan      | Noticed Ytuveew the pandemonium lord
193001 | Pan      | Defeated Ytuveew the pandemonium lord
193545 | Pan      | Noticed Sanilukh the pandemonium lord
193549 | Pan      | Defeated Sanilukh the pandemonium lord
193599 | Pan      | Reached skill level 6 in Traps & Doors
193846 | Pan      | Noticed Tatigef the pandemonium lord
193856 | Pan      | Defeated Tatigef the pandemonium lord
194179 | Pan      | Got a heavily runed robe
194188 | Pan      | Identified the cursed +1 robe "Kluef" (You found it in Pandemonium)
194241 | Pan      | Noticed Broobb the pandemonium lord
194245 | Pan      | Defeated Broobb the pandemonium lord
194270 | Pan      | Got a demonic rune of Zot
194522 | Pan      | Defeated Threuleush the pandemonium lord
194793 | Pan      | Reached skill level 14 in Earth Magic
195074 | Pan      | Got a glittering golden amulet
195075 | Pan      | Identified the amulet of Xeomen (You found it in Pandemonium)
195113 | Pan      | Noticed Pron the pandemonium lord
195122 | Pan      | Defeated Pron the pandemonium lord
195551 | Pan      | Noticed Obac the pandemonium lord
195555 | Pan      | Defeated Obac the pandemonium lord
195577 | Pan      | Reached skill level 27 in Unarmed Combat
195604 | Pan      | Found a gateway to a ziggurat.
196027 | Pan      | Noticed Zerrifos the pandemonium lord
196029 | Pan      | Defeated Zerrifos the pandemonium lord
196166 | Pan      | Noticed Muafaxim the pandemonium lord
196191 | Pan      | Defeated Muafaxim the pandemonium lord
196226 | Pan      | Reached skill level 27 in Spellcasting
196475 | Pan      | Noticed Shreuvewu the pandemonium lord
196477 | Pan      | Defeated Shreuvewu the pandemonium lord
196477 | Pan      | Received a gift from Sif Muna
196527 | Pan      | Got a pitted ivory amulet
196538 | Pan      | Identified the amulet of Yschis (You found it in Pandemonium)
196612 | Pan      | Reached skill level 15 in Fighting
196722 | Pan      | Reached skill level 2 in Shields
196900 | Pan      | Reached skill level 16 in Necromancy
197347 | Pan      | Noticed Joali the pandemonium lord
197349 | Pan      | Defeated Joali the pandemonium lord
197727 | Pan      | Noticed Primefewk the pandemonium lord
197730 | Pan      | Defeated Primefewk the pandemonium lord
198144 | Pan      | Noticed Ghu Rodu the pandemonium lord
198147 | Pan      | Reached skill level 26 in Conjurations
198149 | Pan      | Defeated Ghu Rodu the pandemonium lord
198266 | Pan      | Found a gateway to a ziggurat.
198331 | Pan      | You paid a toll of 4020 gold to enter a ziggurat.
198331 | Zig:1    | Entered level 1 of a ziggurat
198366 | Zig:2    | Entered level 2 of a ziggurat
198372 | Zig:2    | Reached skill level 15 in Invocations
198386 | Zig:3    | Entered level 3 of a ziggurat
198405 | Zig:3    | Identified a +8 rod of striking (6/6) (You found it on level 3 of a ziggurat)
198410 | Zig:4    | Entered level 4 of a ziggurat
198413 | Zig:4    | Noticed Ocoimp the pandemonium lord
198416 | Zig:4    | Defeated Ocoimp the pandemonium lord
198445 | Zig:5    | Entered level 5 of a ziggurat
198459 | Zig:5    | Received a gift from Sif Muna
198491 | Zig:6    | Entered level 6 of a ziggurat
198503 | Zig:6    | Reached skill level 27 in Ice Magic
198542 | Zig:6    | Got a twitching bone amulet
198549 | Zig:6    | Identified the amulet of Ackugeg (You found it on level 6 of a ziggurat)
198562 | Zig:7    | Entered level 7 of a ziggurat
198740 | Zig:8    | Entered level 8 of a ziggurat
198751 | Zig:8    | Noticed an ancient lich
198753 | Zig:8    | Defeated an ancient lich
198816 | Zig:9    | Entered level 9 of a ziggurat
198840 | Zig:9    | Reached skill level 16 in Invocations
198850 | Zig:9    | Identified a +3 rod of summoning (13/13) (You took it off a deep elf summoner on level 9 of a ziggurat)
198912 | Zig:10   | Entered level 10 of a ziggurat
198959 | Zig:10   | Got a wavering silver amulet
198968 | Zig:10   | Identified the amulet of Jaczotij (You found it on level 10 of a ziggurat)
198977 | Zig:11   | Entered level 11 of a ziggurat
199171 | Zig:12   | Entered level 12 of a ziggurat
199185 | Zig:12   | Noticed Mnapn the pandemonium lord
199188 | Zig:12   | Defeated Mnapn the pandemonium lord
199190 | Zig:12   | Reached skill level 19 in Dodging
199250 | Zig:12   | Got an ancient glass ring
199254 | Zig:12   | Got a pitted bronze ring
199260 | Zig:12   | Identified the cursed ring "Graof" (You found it on level 12 of a ziggurat)
199260 | Zig:12   | Identified the ring "Emudgh" (You found it on level 12 of a ziggurat)
199367 | Zig:13   | Entered level 13 of a ziggurat
199373 | Zig:13   | Reached skill level 17 in Invocations
199482 | Zig:13   | Identified a +5 rod of destruction [fire] (12/12) (You found it on level 13 of a ziggurat)
199515 | Zig:14   | Entered level 14 of a ziggurat
199691 | Zig:15   | Entered level 15 of a ziggurat
199739 | Zig:15   | Got a twitching emerald amulet
199751 | Zig:15   | Identified the amulet of the Forgotten Planets (You found it on level 15 of a ziggurat)
199755 | Zig:15   | Got a brightly glowing glass ring
199756 | Zig:15   | Identified the ring "Greanuq" (You found it on level 15 of a ziggurat)
199827 | Zig:15   | Reached skill level 18 in Invocations
199830 | Zig:15   | Received a gift from Sif Muna
199840 | Zig:16   | Entered level 16 of a ziggurat
199895 | Zig:16   | Reached skill level 27 in Conjurations
199969 | Zig:16   | Got a pitted turquoise ring
199977 | Zig:16   | Got a faintly glowing copper amulet
199988 | Zig:16   | Identified the ring "Ghey" (You found it on level 16 of a ziggurat)
199989 | Zig:16   | Identified the amulet "Mazxae" (You found it on level 16 of a ziggurat)
199995 | Zig:16   | Reached skill level 17 in Necromancy
200003 | Zig:16   | Reached skill level 19 in Invocations
200016 | Zig:17   | Entered level 17 of a ziggurat
200156 | Zig:18   | Entered level 18 of a ziggurat
200170 | Zig:18   | Reached skill level 12 in Stealth
200211 | Zig:18   | Reached skill level 20 in Invocations
200221 | Zig:18   | Reached skill level 5 in Summonings
200298 | Zig:19   | Entered level 19 of a ziggurat
200308 | Zig:19   | Reached skill level 18 in Transmutations
200329 | Zig:19   | Noticed an ancient lich
200334 | Zig:19   | Noticed an ancient lich
200335 | Zig:19   | Defeated an ancient lich
200336 | Zig:19   | Noticed an ancient lich
200337 | Zig:19   | Noticed an ancient lich
200340 | Zig:19   | Defeated an ancient lich
200351 | Zig:19   | Defeated an ancient lich
200352 | Zig:19   | Defeated an ancient lich
200461 | Zig:19   | Got a sparkling copper ring
200464 | Zig:19   | Got a glittering amber ring
200478 | Zig:19   | Got a faintly glowing glass ring
200491 | Zig:19   | Identified the ring "Roewiof" (You found it on level 19 of a ziggurat)
200491 | Zig:19   | Identified the cursed ring of Zechof (You found it on level 19 of a ziggurat)
200492 | Zig:19   | Identified the ring "Rifo" (You found it on level 19 of a ziggurat)
201500 | Zig:19   | Received a gift from Sif Muna
201603 | Zig:19   | Reached skill level 21 in Invocations
201625 | Zig:20   | Entered level 20 of a ziggurat
201699 | Zig:20   | Got a bloodstained swamp dragon armour
201700 | Zig:20   | Identified the +0 swamp dragon armour of Tef Notot (You took it off a frost giant on level 20 of a ziggurat)
201719 | Zig:20   | Got a shimmering turquoise ring
201736 | Zig:20   | Got a slimy brass ring
201741 | Zig:20   | Identified the ring "Huwouz" (You found it on level 20 of a ziggurat)
201741 | Zig:20   | Identified the ring "Atoqanko" (You found it on level 20 of a ziggurat)
201749 | Zig:20   | Identified a +3 rod of warding (14/14) (You found it on level 20 of a ziggurat)
201917 | Zig:21   | Entered level 21 of a ziggurat
201931 | Zig:21   | Reached skill level 15 in Charms
201937 | Zig:21   | Noticed Takoph the pandemonium lord
201950 | Zig:21   | Defeated Takoph the pandemonium lord
201966 | Zig:21   | Noticed Crivigon the pandemonium lord
201972 | Zig:21   | You are cast into the Abyss!
201972 | Zig:21   | Cast into the Abyss (distortion unwield)
202032 | Abyss    | Noticed an iron devil
202036 | Abyss    | Defeated an iron devil
202038 | Abyss    | Reached skill level 19 in Transmutations
202049 | Abyss    | Noticed a white ugly thing
202052 | Abyss    | Defeated a white ugly thing
202053 | Abyss    | Noticed a white ugly thing
202067 | Abyss    | Defeated a cyan ugly thing
202078 | Abyss    | Reached skill level 18 in Necromancy
202121 | Abyss    | Noticed a deep dwarf
202122 | Abyss    | Noticed a deep dwarf necromancer
202122 | Abyss    | Noticed a deep dwarf death knight
202123 | Abyss    | Noticed a deep dwarf
202124 | Abyss    | Defeated a deep dwarf necromancer
202124 | Abyss    | Defeated a deep dwarf
202124 | Abyss    | Defeated a deep dwarf death knight
202125 | Abyss    | Noticed a deep dwarf
202129 | Abyss    | Defeated a deep dwarf
202134 | Abyss    | Defeated a deep dwarf
202355 | Abyss    | Noticed a quicksilver dragon simulacrum
202364 | Abyss    | Defeated a quicksilver dragon simulacrum
202413 | Abyss    | Reached skill level 22 in Invocations
202432 | Abyss    | Reached skill level 3 in Shields
202452 | D:23     | You pass through the gate.
202829 | Pan      | Noticed Wosteut the pandemonium lord
202847 | Pan      | Defeated Wosteut the pandemonium lord
202892 | Pan      | Reached skill level 6 in Summonings
202915 | Pan      | Reached skill level 7 in Traps & Doors
203111 | Pan      | Received a gift from Sif Muna
203322 | Pan      | Noticed Uschiasch the pandemonium lord
203332 | Pan      | Defeated Uschiasch the pandemonium lord
203359 | Pan      | Reached skill level 23 in Invocations
203548 | Pan      | Noticed Uqahitut the pandemonium lord
203550 | Pan      | Defeated Uqahitut the pandemonium lord
203865 | Pan      | Reached skill level 20 in Transmutations
204012 | Pan      | Noticed Crigitti the pandemonium lord
204014 | Pan      | Defeated Crigitti the pandemonium lord
204033 | Pan      | Reached skill level 20 in Dodging
204053 | Pan      | Reached skill level 7 in Summonings
204616 | Pan      | Reached skill level 19 in Necromancy
204658 | Pan      | Noticed Thomm the pandemonium lord
204663 | Pan      | Defeated Thomm the pandemonium lord
204848 | Pan      | Got a crude brass ring
204849 | Pan      | Identified the ring of Autumn (You found it in Pandemonium)
204855 | Pan      | Reached skill level 24 in Invocations
204920 | Pan      | Found a gateway to a ziggurat.
204958 | Pan      | Received a gift from Sif Muna
205092 | Pan      | Reached skill level 16 in Fighting
205146 | Pan      | Reached skill level 8 in Traps & Doors
205460 | D:23     | You pass through the gate.
206559 | Pan      | Found a gateway to a ziggurat.
206673 | Pan      | Noticed Ibubyo Scheg the pandemonium lord
206679 | Pan      | Defeated Ibubyo Scheg the pandemonium lord
207088 | Pan      | Noticed Threluv the pandemonium lord
207089 | Pan      | Defeated Threluv the pandemonium lord
207254 | Pan      | Reached skill level 15 in Earth Magic
207257 | Pan      | Reached skill level 25 in Invocations
207472 | Pan      | Noticed Chasy the pandemonium lord
207474 | Pan      | Defeated Chasy the pandemonium lord
207889 | Pan      | Noticed Chavung the pandemonium lord
207895 | Pan      | Defeated Chavung the pandemonium lord
208277 | Pan      | Noticed Schehox the pandemonium lord
208281 | Pan      | Defeated Schehox the pandemonium lord
208650 | Pan      | Noticed Ihuzeuto the pandemonium lord
208653 | Pan      | Defeated Ihuzeuto the pandemonium lord
208672 | Pan      | Got a crude helmet
208685 | Pan      | Identified the -3 helmet of Immorality (You found it in Pandemonium)
208732 | Pan      | Reached skill level 13 in Stealth
209216 | Pan      | Reached skill level 3 in Stabbing
209253 | Pan      | Reached skill level 26 in Invocations
209258 | Pan      | Noticed Twih the pandemonium lord
209261 | Pan      | Defeated Twih the pandemonium lord
209274 | Pan      | Got a jewelled robe
209279 | Pan      | Reached skill level 9 in Traps & Doors
209323 | Pan      | Got a pair of polished gloves
209324 | Pan      | Identified the +0 pair of gloves "Reetsub" (You acquired it in Pandemonium)
209391 | Pan      | Noticed Dageog the pandemonium lord
209405 | Pan      | Defeated Dageog the pandemonium lord
209525 | Pan      | Noticed Meijis the pandemonium lord
209537 | Pan      | Defeated Meijis the pandemonium lord
210022 | Pan      | Noticed Suiracid the pandemonium lord
210025 | Pan      | Defeated Suiracid the pandemonium lord
210334 | Pan      | Noticed Skafaer the pandemonium lord
210337 | Pan      | Defeated Skafaer the pandemonium lord
210969 | Pan      | Noticed Boklarph the pandemonium lord
210974 | Pan      | Defeated Boklarph the pandemonium lord
211048 | Pan      | Reached skill level 27 in Invocations
211303 | Pan      | Noticed Ywi Gretz the pandemonium lord
211307 | Pan      | Defeated Ywi Gretz the pandemonium lord
211357 | Pan      | Got a pair of dazzling gloves
211358 | Pan      | Identified the cursed -1 pair of gloves "Thocong" (You found it in Pandemonium)
211459 | Pan      | Received a gift from Sif Muna
211503 | Pan      | Got a smoking long sword
211519 | Pan      | Noticed Klaics the pandemonium lord
211522 | Pan      | Defeated Klaics the pandemonium lord
211535 | Pan      | Got a faintly glowing demon trident
211536 | Pan      | Identified the demon trident of Purpose {drain, Int+3 SInv} (You found it in Pandemonium)
211598 | Pan      | Reached skill level 21 in Dodging
211786 | Pan      | Found a gateway to a ziggurat.
211865 | Pan      | Noticed Cheguas the pandemonium lord
211867 | Pan      | Defeated Cheguas the pandemonium lord
212264 | Pan      | Reached skill level 16 in Earth Magic
212348 | Pan      | Noticed Gitad the pandemonium lord
212350 | Pan      | Defeated Gitad the pandemonium lord
212428 | Pan      | You are cast into the Abyss!
212428 | Pan      | Cast into the Abyss (a Zot trap)
212450 | Abyss    | Noticed a tentacled monstrosity
212459 | Abyss    | Defeated a tentacled monstrosity
212580 | D:23     | You pass through the gate.
213374 | Elf:5    | Reached skill level 1 in Bows
213381 | Elf:5    | Reached skill level 2 in Bows
213394 | Elf:5    | Reached skill level 3 in Bows
213459 | Elf:5    | Reached skill level 4 in Bows
213646 | Elf:5    | Reached skill level 5 in Bows
218329 | Vault:1  | Reached skill level 6 in Bows
220119 | Vault:6  | Reached skill level 7 in Bows
221931 | D:15     | Reached skill level 21 in Transmutations
223194 | D:24     | Bought 12 +0 arrows of dispersal for 79 gold pieces
225474 | Pan      | Noticed Towiet the pandemonium lord
225482 | Pan      | Defeated Towiet the pandemonium lord
225536 | Pan      | Reached skill level 8 in Bows
226492 | Pan      | Reached skill level 10 in Traps & Doors
226500 | Pan      | Noticed Zyugg the pandemonium lord
226510 | Pan      | Defeated Zyugg the pandemonium lord
226537 | Pan      | Reached skill level 9 in Bows
226802 | Pan      | Noticed Udwuptuq the pandemonium lord
226807 | Pan      | Defeated Udwuptuq the pandemonium lord
226864 | Pan      | Reached skill level 10 in Bows
227360 | Pan      | Received a gift from Sif Muna
227606 | Pan      | Noticed Wuemn the pandemonium lord
227607 | Pan      | Defeated Wuemn the pandemonium lord
227652 | Pan      | Reached skill level 11 in Bows
227706 | Pan      | Reached skill level 12 in Bows
228268 | Pan      | Reached skill level 17 in Earth Magic
228818 | Pan      | Found a gateway to a ziggurat.
228909 | Pan      | Noticed Brent the pandemonium lord
228912 | Pan      | Defeated Brent the pandemonium lord
228928 | Pan      | Got a demonic rune of Zot
229102 | Pan      | You paid a toll of 4160 gold to enter a ziggurat.
229102 | Zig:1    | Entered level 1 of a ziggurat
229120 | Zig:2    | Entered level 2 of a ziggurat
229146 | Zig:3    | Entered level 3 of a ziggurat
229347 | Zig:4    | Entered level 4 of a ziggurat
229347 | Zig:4    | Noticed Emeich the pandemonium lord
229350 | Zig:4    | Defeated Emeich the pandemonium lord
229366 | Zig:4    | Got a shimmering dagger
229372 | Zig:5    | Entered level 5 of a ziggurat
229402 | Zig:6    | Entered level 6 of a ziggurat
229433 | Zig:7    | Entered level 7 of a ziggurat
229457 | Zig:7    | Got a crude iron amulet
229475 | Zig:8    | Entered level 8 of a ziggurat
229481 | Zig:8    | Noticed Nolodaempu the pandemonium lord
229484 | Zig:8    | Defeated Nolodaempu the pandemonium lord
229505 | Zig:8    | Got a heavily runed silver ring
229517 | Zig:8    | Identified a +0 rod of venom (12/12) (You found it on level 8 of a ziggurat)
229669 | Zig:9    | Entered level 9 of a ziggurat
229832 | Zig:10   | Entered level 10 of a ziggurat
230018 | Zig:11   | Entered level 11 of a ziggurat
230062 | Zig:11   | Got a crude tin ring
230068 | Zig:11   | Got a crude silver ring
230076 | Zig:11   | Identified the amulet of Smyh (You found it on level 7 of a ziggurat)
230090 | Zig:11   | Identified the ring of Gluttony (You found it on level 8 of a ziggurat)
230092 | Zig:11   | Identified the ring of Midsummer (You found it on level 11 of a ziggurat)
230227 | Zig:12   | Entered level 12 of a ziggurat
230281 | Zig:12   | Got a slimy ivory ring
230291 | Zig:12   | Identified the ring of Nuust (You found it on level 12 of a ziggurat)
230293 | Zig:12   | Identified the ring of Qistefry (You found it on level 11 of a ziggurat)
230387 | Zig:13   | Entered level 13 of a ziggurat
230542 | Zig:14   | Entered level 14 of a ziggurat
230814 | Zig:15   | Entered level 15 of a ziggurat
230936 | Zig:15   | Reached skill level 13 in Translocations
231109 | Zig:16   | Entered level 16 of a ziggurat
231305 | Zig:17   | Entered level 17 of a ziggurat
231392 | Zig:17   | Got a twitching bronze ring
231393 | Zig:17   | Identified the ring "Jioxuj" (You found it on level 17 of a ziggurat)
231486 | Zig:18   | Entered level 18 of a ziggurat
231567 | Zig:18   | Got a brightly glowing cloak
231570 | Zig:18   | Identified the cursed +1 cloak of Repulsion (You found it on level 18 of a ziggurat)
231757 | Zig:19   | Entered level 19 of a ziggurat
232017 | Zig:20   | Entered level 20 of a ziggurat
232037 | Zig:20   | Reached skill level 14 in Stealth
232115 | Zig:20   | Got a steaming ruby amulet
232163 | Zig:20   | Identified the amulet "Numubbim" (You found it on level 20 of a ziggurat)
232163 | Zig:20   | Identified the +5,+6 dagger of the Coward (You found it on level 4 of a ziggurat)
232253 | Zig:21   | Entered level 21 of a ziggurat
232265 | Zig:21   | Received a gift from Sif Muna
232339 | Zig:21   | Got a shield-shaped amulet
232343 | Zig:21   | Got a blood-stained necklace
232354 | Zig:21   | Got a heavily runed lead amulet
232361 | Zig:21   | Identified the amulet "Wuntyoga" (You found it on level 21 of a ziggurat)
232363 | Zig:21   | Identified the brooch of Shielding (You found it on level 21 of a ziggurat)
232364 | Zig:21   | Identified the cursed necklace of Bloodlust (You found it on level 21 of a ziggurat)
232452 | Zig:22   | Entered level 22 of a ziggurat
232606 | Zig:22   | Got a sparkling bronze ring
232808 | Zig:23   | Entered level 23 of a ziggurat
232978 | Zig:23   | Identified a +2 cloak of preservation (You found it on level 23 of a ziggurat)
233243 | Zig:24   | Entered level 24 of a ziggurat
233255 | Zig:24   | Noticed Ukaston the pandemonium lord
233259 | Zig:24   | Defeated Ukaston the pandemonium lord
233263 | Zig:24   | Noticed Tuesisog the pandemonium lord
233267 | Zig:24   | Noticed Peurchiw the pandemonium lord
233268 | Zig:24   | Noticed Plecumigh the pandemonium lord
233273 | Zig:24   | Defeated Tuesisog the pandemonium lord
233275 | Zig:24   | Noticed Tipsed the pandemonium lord
233282 | Zig:24   | Defeated Tipsed the pandemonium lord
233283 | Zig:24   | Noticed Peaj the pandemonium lord
233296 | Zig:24   | Reached skill level 3 in Evocations
233298 | Zig:24   | Reached skill level 22 in Dodging
233307 | Zig:24   | Noticed Qetemat the pandemonium lord
233321 | Zig:24   | You are cast into the Abyss!
233321 | Zig:24   | Cast into the Abyss (distortion unwield)
233335 | Abyss    | Identified the cursed ring "Shuas" (You found it on level 22 of a ziggurat)
233482 | D:23     | You pass through the gate.
234112 | Lair:2   | Reached skill level 13 in Bows
234322 | Lair:2   | Learned a level 8 spell: Dragon Form
234349 | Lair:2   | Reached skill level 1 in Fire Magic
234414 | Lair:2   | Learned a level 6 spell: Iron Shot
234508 | Lair:2   | Reached skill level 14 in Bows
234686 | Lair:2   | Reached skill level 15 in Bows
234894 | Lair:2   | Reached skill level 16 in Bows
235109 | Lair:2   | Reached skill level 17 in Bows
235330 | Lair:2   | Reached skill level 18 in Bows
235553 | Lair:2   | Reached skill level 19 in Bows
235767 | Lair:2   | Reached skill level 20 in Bows
236204 | Lair:3   | Reached skill level 21 in Bows
236446 | Lair:3   | Reached skill level 22 in Bows
236669 | Lair:3   | Reached skill level 23 in Bows
236915 | Lair:2   | Learned a level 2 spell: Portal Projectile
237925 | Pan      | Noticed Scheluov the pandemonium lord
237945 | Pan      | Defeated Scheluov the pandemonium lord
238299 | Pan      | Reached skill level 24 in Bows
238321 | Pan      | Noticed Elouhaug the pandemonium lord
238336 | Pan      | Defeated Elouhaug the pandemonium lord
238380 | Pan      | Got a demonic rune of Zot
238512 | Pan      | Reached skill level 8 in Summonings
239275 | Pan      | Noticed Vuxyot the pandemonium lord
239279 | Pan      | Defeated Vuxyot the pandemonium lord
239300 | Pan      | Got a transparent buckler
239480 | Pan      | Noticed Stresoc the pandemonium lord
239485 | Pan      | Defeated Stresoc the pandemonium lord
239768 | Pan      | Reached skill level 25 in Bows
239834 | Pan      | Reached skill level 11 in Traps & Doors
240156 | Pan      | Reached skill level 18 in Earth Magic
240158 | Pan      | Noticed Zeizex the pandemonium lord
240163 | Pan      | Defeated Zeizex the pandemonium lord
240256 | Pan      | Got a demonic rune of Zot
240553 | Pan      | Reached skill level 26 in Bows
240724 | Pan      | Noticed Qasaul the pandemonium lord
240727 | Pan      | Defeated Qasaul the pandemonium lord
240905 | Pan      | Found a gateway to a ziggurat.
241444 | Pan      | Reached skill level 17 in Fighting
241500 | Pan      | Noticed Clian the pandemonium lord
241500 | Pan      | Defeated Clian the pandemonium lord
241729 | Pan      | Noticed Yrar the pandemonium lord
241742 | Pan      | Defeated Yrar the pandemonium lord
242067 | Pan      | Reached skill level 27 in Bows
242537 | Pan      | Noticed Baulud the pandemonium lord
242541 | Pan      | Defeated Baulud the pandemonium lord
242607 | Pan      | Got a pair of smoking boots
242608 | Pan      | Identified the cursed -4 pair of boots of Compression (You found it in Pandemonium)
243054 | Pan      | Identified the +2 buckler of the Butterfly (You took it off an imp in Pandemonium)
243553 | Pan      | Noticed Phiustyo the pandemonium lord
243574 | Pan      | Defeated Phiustyo the pandemonium lord
243824 | D:23     | You pass through the gate.
244403 | Pan      | Noticed Chocrel the pandemonium lord
244410 | Pan      | Received a gift from Sif Muna
244748 | Pan      | Noticed Tuhez the pandemonium lord
244754 | Pan      | Defeated Tuhez the pandemonium lord
245344 | Pan      | Noticed Alyqof the pandemonium lord
245350 | Pan      | Defeated Alyqof the pandemonium lord
245363 | Pan      | Got a demonic rune of Zot
245776 | Pan      | Noticed Nihes the pandemonium lord
245789 | Pan      | Defeated Nihes the pandemonium lord
246065 | Pan      | Reached skill level 12 in Traps & Doors
246389 | Pan      | Noticed Pnyabogu the pandemonium lord
246391 | Pan      | Defeated Pnyabogu the pandemonium lord
246870 | Pan      | Noticed Goup the pandemonium lord
246871 | Pan      | Defeated Goup the pandemonium lord
247045 | Pan      | Noticed Kluapp the pandemonium lord
247057 | Pan      | Defeated Kluapp the pandemonium lord
248074 | Pan      | Noticed Veacaf the pandemonium lord
248077 | Pan      | Defeated Veacaf the pandemonium lord
248211 | Pan      | Reached skill level 23 in Dodging
248271 | Pan      | Noticed Shruckuqi the pandemonium lord
248283 | Pan      | Reached skill level 16 in Charms
248313 | Pan      | Defeated Shruckuqi the pandemonium lord
248722 | Pan      | Noticed Hiav the pandemonium lord
248726 | Pan      | Defeated Hiav the pandemonium lord
249493 | Pan      | Noticed Buri the pandemonium lord
249505 | Pan      | Defeated Buri the pandemonium lord
249720 | Pan      | Noticed Xiolacuc the pandemonium lord
249735 | Pan      | Defeated Xiolacuc the pandemonium lord
250136 | Pan      | Noticed Shohouf the pandemonium lord
250153 | Pan      | Defeated Shohouf the pandemonium lord
251164 | Pan      | Got a wavering wooden ring
251165 | Pan      | Identified the ring of the Omega Point (You found it in Pandemonium)
251211 | Pan      | Noticed Pnuymm the pandemonium lord
251223 | Pan      | Defeated Pnuymm the pandemonium lord
251606 | Pan      | Noticed Stoc the pandemonium lord
251619 | Pan      | Defeated Stoc the pandemonium lord
251638 | Pan      | Got a scintillating iron ring
251651 | Pan      | Identified the ring of Moodiness (You found it in Pandemonium)
251884 | Pan      | Reached skill level 18 in Fighting
251977 | Pan      | Noticed Gaohipha the pandemonium lord
251979 | Pan      | Defeated Gaohipha the pandemonium lord
252889 | Pan      | Noticed Thumpamn the pandemonium lord
252894 | Pan      | Defeated Thumpamn the pandemonium lord
253731 | Pan      | Noticed Poyxil the pandemonium lord
253748 | Pan      | Defeated Poyxil the pandemonium lord
254045 | Pan      | Reached skill level 24 in Dodging
254066 | Pan      | Received a gift from Sif Muna
254066 | Pan      | Noticed Keofoez the pandemonium lord
254080 | Pan      | Defeated Keofoez the pandemonium lord
254805 | Pan      | Noticed Junulupp the pandemonium lord
254807 | Pan      | Defeated Junulupp the pandemonium lord
255942 | Pan      | Noticed Syturuxy the pandemonium lord
255947 | Pan      | Defeated Syturuxy the pandemonium lord
256484 | Pan      | Noticed Bimaego the pandemonium lord
256486 | Pan      | Defeated Bimaego the pandemonium lord
256496 | Pan      | Reached skill level 9 in Summonings
256519 | Pan      | Got a demonic rune of Zot
256687 | Pan      | Reached skill level 13 in Traps & Doors
256966 | Pan      | Noticed Kagif the pandemonium lord
256966 | Pan      | Defeated Kagif the pandemonium lord
257205 | Pan      | Noticed an ancient lich
257301 | Pan      | Reached skill level 19 in Earth Magic
257327 | D:23     | You pass through the gate.
258077 | Lair:2   | Learned a level 4 spell: Summon Elemental
258222 | Lair:2   | Reached skill level 19 in Fighting
258304 | Lair:2   | Reached skill level 10 in Summonings
258524 | Lair:3   | Reached skill level 11 in Summonings
258634 | Lair:3   | Reached skill level 20 in Fighting
259007 | Lair:3   | Reached skill level 12 in Summonings
259114 | Lair:3   | Reached skill level 20 in Necromancy
259214 | Lair:3   | Reached skill level 21 in Fighting
259754 | Lair:3   | Reached skill level 22 in Fighting
260181 | Lair:3   | Reached skill level 23 in Fighting
260639 | Lair:3   | Reached skill level 24 in Fighting
260876 | Lair:3   | Reached skill level 4 in Stabbing
261142 | Lair:3   | Reached skill level 25 in Fighting
263758 | Pan      | Noticed Lopo the pandemonium lord
263759 | Pan      | Defeated Lopo the pandemonium lord
263949 | Pan      | Reached skill level 25 in Dodging
264353 | Pan      | Got a heavily runed granite ring
264354 | Pan      | Identified the ring "Quwaraj" (You found it in Pandemonium)
264501 | Pan      | Noticed Ungesy the pandemonium lord
264511 | Pan      | Defeated Ungesy the pandemonium lord
264559 | Pan      | Received a gift from Sif Muna
264847 | Pan      | Reached skill level 4 in Evocations
265079 | Pan      | Got a faintly glowing pewter ring
265273 | Pan      | Noticed Striuvaad the pandemonium lord
265277 | Pan      | Defeated Striuvaad the pandemonium lord
265308 | Pan      | Got a polished mottled dragon armour
265404 | Pan      | Reached skill level 22 in Transmutations
265476 | D:23     | You pass through the gate.
265531 | Hell     | Identified the +2 mottled dragon armour of Relativism (You found it in Pandemonium)
265543 | Hell     | Identified the ring "Vuot" (You found it in Pandemonium)
265979 | Pan      | Noticed Twaffe Fec the pandemonium lord
265991 | Pan      | Defeated Twaffe Fec the pandemonium lord
266749 | Pan      | Noticed Hamutoli the pandemonium lord
266766 | Pan      | Defeated Hamutoli the pandemonium lord
267307 | Pan      | Noticed Goroaps the pandemonium lord
267308 | Pan      | Defeated Goroaps the pandemonium lord
267959 | Pan      | Noticed Besor the pandemonium lord
267976 | Pan      | Defeated Besor the pandemonium lord
268487 | Pan      | Noticed Ebikagg the pandemonium lord
268495 | Pan      | Defeated Ebikagg the pandemonium lord
268517 | Pan      | Reached skill level 14 in Traps & Doors
269181 | Pan      | Reached skill level 15 in Stealth
269381 | Pan      | Noticed Ezxasmamn the pandemonium lord
269391 | Pan      | Defeated Ezxasmamn the pandemonium lord
269601 | Pan      | Got a brightly glowing wooden ring
269602 | Pan      | Identified the ring of the Sun (You found it in Pandemonium)
270128 | Pan      | Noticed Schaot the pandemonium lord
270133 | Pan      | Defeated Schaot the pandemonium lord
270914 | Pan      | Noticed Tufre the pandemonium lord
270918 | Pan      | Defeated Tufre the pandemonium lord
271034 | Pan      | Noticed Naeddol the pandemonium lord
271090 | Pan      | Defeated Naeddol the pandemonium lord
271774 | Pan      | Reached skill level 5 in Evocations
271841 | Pan      | Reached skill level 6 in Evocations
271928 | Pan      | Reached skill level 7 in Evocations
272030 | Pan      | Reached skill level 8 in Evocations
272275 | Pan      | Got a crude cloak
272287 | Pan      | Identified the cursed -3 cloak of the Moon (You found it in Pandemonium)
272486 | Pan      | Noticed Eckimmump the pandemonium lord
272536 | D:23     | You pass through the gate.
272743 | D:24     | Reached skill level 9 in Evocations
272852 | D:24     | Reached skill level 10 in Evocations
272959 | D:24     | Reached skill level 11 in Evocations
273080 | D:24     | Reached skill level 12 in Evocations
273238 | D:24     | Reached skill level 13 in Evocations
273411 | D:24     | Reached skill level 14 in Evocations
273718 | D:24     | Reached skill level 15 in Evocations
273995 | D:24     | Reached skill level 16 in Evocations
274316 | Pan      | Received a gift from Sif Muna
274326 | Pan      | Noticed Kleiv the pandemonium lord
274330 | Pan      | Defeated Kleiv the pandemonium lord
274784 | Pan      | Noticed Faolan the pandemonium lord
274789 | Pan      | Defeated Faolan the pandemonium lord
275281 | Pan      | Noticed Piuviz the pandemonium lord
275284 | Pan      | Defeated Piuviz the pandemonium lord
275771 | Pan      | Noticed Nobroys the pandemonium lord
275780 | Pan      | Defeated Nobroys the pandemonium lord
275935 | Pan      | Got a dazzling robe
275936 | Pan      | Identified the cursed -1 robe of Pandemonium (You found it in Pandemonium)
276215 | Pan      | Noticed Quxkog the pandemonium lord
276225 | Pan      | Defeated Quxkog the pandemonium lord
276316 | Pan      | Got a sparkling marble ring
276931 | Pan      | Noticed Cehunouc the pandemonium lord
276937 | Pan      | Defeated Cehunouc the pandemonium lord
277435 | Pan      | Noticed Psibbu Thase the pandemonium lord
277452 | Pan      | Defeated Psibbu Thase the pandemonium lord
277976 | Pan      | Noticed Bryetobb the pandemonium lord
277985 | Pan      | Defeated Bryetobb the pandemonium lord
278591 | Pan      | Noticed Amas the pandemonium lord
278600 | Pan      | Defeated Amas the pandemonium lord
278620 | Pan      | Reached skill level 26 in Dodging
278649 | Pan      | Got a demonic rune of Zot
279230 | Pan      | Noticed Omerio the pandemonium lord
279232 | Pan      | Defeated Omerio the pandemonium lord
279698 | Pan      | Noticed Tualuad the pandemonium lord
279706 | Pan      | Defeated Tualuad the pandemonium lord
280066 | Pan      | Noticed Kycvur the pandemonium lord
280073 | Pan      | Defeated Kycvur the pandemonium lord
280308 | Pan      | Got a brightly glowing demon blade
280309 | Pan      | Identified the +2,+0 demon blade of Joyful Slaughter (You found it in Pandemonium)
280641 | Pan      | Noticed Geagunk the pandemonium lord
280654 | Pan      | Defeated Geagunk the pandemonium lord
281444 | Pan      | Reached skill level 20 in Earth Magic
281488 | Pan      | Noticed Ithid the pandemonium lord
281491 | Pan      | Defeated Ithid the pandemonium lord
282003 | Pan      | Noticed Smusea the pandemonium lord
282008 | Pan      | Defeated Smusea the pandemonium lord
282306 | D:24     | You pass through the gate.
282861 | Lair:2   | Identified the ring "Liylylips" (You found it in Pandemonium)
282880 | Lair:2   | Fell from the grace of Sif Muna
282880 | Lair:2   | Was placed under penance by Sif Muna
283836 | Lair:2   | Reached skill level 17 in Evocations
313677 | Lair:2   | Was forgiven by Sif Muna
313792 | Lair:2   | Reached skill level 18 in Evocations
314062 | Lair:2   | Reached skill level 19 in Evocations
314307 | Lair:2   | Reached skill level 20 in Evocations
314475 | Lair:2   | Reached skill level 23 in Transmutations
314560 | Lair:2   | Reached skill level 21 in Evocations
314805 | Lair:2   | Reached skill level 22 in Evocations
315019 | Lair:2   | Reached skill level 23 in Evocations
315405 | Temple   | Became a worshipper of The Shining One
315602 | Lair:2   | Learned a level 4 spell: Dig
316322 | Abyss    | Noticed a sky beast
316329 | Abyss    | Defeated a sky beast
316361 | Abyss    | Acquired The Shining One's first power
316458 | Abyss    | Noticed a spiny worm
316562 | Abyss    | Noticed a hellephant
316571 | Abyss    | Defeated a hellephant
316637 | Abyss    | Noticed a red draconian caller
316639 | Abyss    | Noticed a death drake
316642 | Abyss    | Noticed a death drake
316652 | Abyss    | Defeated a red draconian caller
316695 | Abyss    | Reached skill level 26 in Fighting
316745 | Abyss    | Noticed a deep dwarf necromancer
316750 | Abyss    | Defeated a deep dwarf necromancer
316755 | Abyss    | Acquired The Shining One's second power
316771 | Abyss    | Noticed a white draconian
316788 | Abyss    | Defeated a white draconian
317047 | Abyss    | Reached skill level 6 in Air Magic
317049 | Abyss    | Noticed an Angel
317195 | Abyss    | Noticed an eye of devastation
317203 | Abyss    | Defeated an eye of devastation
317207 | Abyss    | Noticed a naga warrior
317236 | Abyss    | Defeated a naga warrior
317317 | Abyss    | Noticed a stone golem
317323 | Abyss    | Defeated a stone golem
317668 | Abyss    | Got a crude crossbow
317687 | Abyss    | Noticed a deep dwarf
317693 | Abyss    | Defeated a deep dwarf
317695 | Abyss    | Noticed a purple draconian caller
317821 | Abyss    | Acquired The Shining One's third power
318029 | Abyss    | Noticed a soul eater
318035 | Abyss    | Defeated a soul eater
318071 | Abyss    | Noticed an Angel
318080 | Abyss    | Defeated an Angel
318105 | Abyss    | Noticed an air elemental
318110 | Abyss    | Defeated an air elemental
318237 | Abyss    | Acquired The Shining One's fourth power
318524 | Abyss    | Noticed a shining eye
318525 | Abyss    | Got a scintillating copper ring
318529 | Abyss    | Defeated a shining eye
318531 | Abyss    | Noticed an earth elemental
318542 | Abyss    | Defeated an earth elemental
318716 | Abyss    | hmm
318794 | Abyss    | Noticed a white draconian
318976 | Abyss    | Noticed a deep dwarf death knight
318979 | Abyss    | Noticed a deep dwarf death knight
318981 | Abyss    | Noticed a deep dwarf
318982 | Abyss    | Noticed a deep dwarf
318983 | Abyss    | Noticed a deep dwarf
318986 | Abyss    | Defeated a deep dwarf death knight
318990 | Abyss    | Defeated a deep dwarf death knight
318993 | Abyss    | Defeated a deep dwarf
318998 | Abyss    | Defeated a deep dwarf
319000 | Abyss    | Defeated a deep dwarf
319068 | Abyss    | Noticed a soul eater
319076 | Abyss    | Defeated a soul eater
319088 | Abyss    | Noticed a purple draconian
319097 | Abyss    | Defeated a purple draconian
319178 | Abyss    | Got an abyssal rune of Zot
319218 | D:22     | You pass through the gate.
319293 | Hell     | Identified the ring "Ghaolutz" (You found it in the Abyss)
319472 | Dis:1    | Noticed a Fiend
319478 | Dis:1    | Defeated a Fiend
320376 | Temple   | Identified a +8,+6 elven longbow of holy wrath (a +8,+6 elven longbow blessed by the Shining One)
320402 | Temple   | Fell from the grace of The Shining One
320402 | Temple   | Became a worshipper of Zin the Law-Giver
320402 | Temple   | Acquired Zin's first power
321050 | Lair:4   | Acquired Zin's second power
321944 | Temple   | Donated 10761 gold pieces to Zin
322065 | Lair:1   | Acquired Zin's third power
322316 | D:15     | Acquired Zin's fourth power
322514 | Hell     | Gained mutation: Your muscles are strong (Str +1).
322515 | Hell     | Gained mutation: Your muscles are strong (Str +2).
322838 | Pan      | Noticed Kicaohef the pandemonium lord
322847 | Pan      | Defeated Kicaohef the pandemonium lord
322926 | Pan      | Found a gateway to a ziggurat.
324164 | Pan      | Noticed Ebboluaz the pandemonium lord
324198 | Pan      | Defeated Ebboluaz the pandemonium lord
324561 | Pan      | Noticed Umilonoing the pandemonium lord
324566 | Pan      | Defeated Umilonoing the pandemonium lord
325284 | Pan      | Noticed Chahem the pandemonium lord
325290 | Pan      | Defeated Chahem the pandemonium lord
325981 | Pan      | Noticed Phitt the pandemonium lord
325986 | Pan      | Defeated Phitt the pandemonium lord
326027 | Pan      | Got a demonic rune of Zot
326370 | Pan      | Noticed Phurghen the pandemonium lord
326382 | Pan      | Defeated Phurghen the pandemonium lord
326410 | Pan      | Got an ancient silver amulet
327012 | Pan      | Noticed Cigaan the pandemonium lord
327022 | Pan      | Defeated Cigaan the pandemonium lord
327039 | Pan      | Reached skill level 15 in Traps & Doors
327420 | Pan      | Noticed Bacynyog the pandemonium lord
327428 | Pan      | Defeated Bacynyog the pandemonium lord
327655 | Pan      | Noticed Clucir the pandemonium lord
327669 | Pan      | Defeated Clucir the pandemonium lord
328387 | Pan      | Reached skill level 27 in Dodging
328395 | Pan      | Reached skill level 17 in Charms
328399 | Pan      | Noticed Schy Ste the pandemonium lord
328408 | Pan      | Defeated Schy Ste the pandemonium lord
328651 | Pan      | Noticed Dah Egid the pandemonium lord
328661 | Pan      | Defeated Dah Egid the pandemonium lord
329052 | Pan      | Noticed Wipeepp the pandemonium lord
329056 | Pan      | Defeated Wipeepp the pandemonium lord
329502 | Pan      | Noticed Duidaawn the pandemonium lord
329510 | Pan      | Defeated Duidaawn the pandemonium lord
329706 | Pan      | Noticed Khio the pandemonium lord
329716 | Pan      | Defeated Khio the pandemonium lord
330039 | Pan      | Noticed Noczafot the pandemonium lord
330044 | Pan      | Defeated Noczafot the pandemonium lord
330613 | Pan      | Noticed Vatroaru the pandemonium lord
330622 | Pan      | Defeated Vatroaru the pandemonium lord
330751 | Pan      | Got a brightly glowing lead ring
330752 | Pan      | Identified the ring "Lous" (You found it in Pandemonium)
330753 | Pan      | Identified the amulet of Thioh (You found it in Pandemonium)
330987 | Pan      | Noticed Keghea Psuup the pandemonium lord
330991 | Pan      | Defeated Keghea Psuup the pandemonium lord
331391 | Pan      | Noticed Siesuc the pandemonium lord
331395 | Pan      | Defeated Siesuc the pandemonium lord
331452 | Pan      | Got a demonic rune of Zot
332422 | Pan      | Noticed Fidwel the pandemonium lord
332514 | Pan      | Found a gateway to a ziggurat.
332760 | Pan      | Noticed Litehit the pandemonium lord
332762 | Pan      | Defeated Litehit the pandemonium lord
333391 | Pan      | Noticed Senuawyi the pandemonium lord
333399 | Pan      | Defeated Senuawyi the pandemonium lord
333491 | Pan      | Paralysed by a great orb of eyes for 3 turns
334045 | Pan      | Noticed Ijoakois the pandemonium lord
334049 | Pan      | Defeated Ijoakois the pandemonium lord
334105 | Pan      | Was placed under penance by Zin
334187 | Pan      | Was forgiven by Zin
334291 | Pan      | Found a gateway to a ziggurat.
334576 | Pan      | Noticed Wutesoir the pandemonium lord
334584 | Pan      | Defeated Wutesoir the pandemonium lord
335027 | Pan      | Noticed Woystu the pandemonium lord
335036 | Pan      | Defeated Woystu the pandemonium lord
335651 | Pan      | Noticed Erup the pandemonium lord
335654 | Pan      | Defeated Erup the pandemonium lord
335664 | Pan      | Got a demonic rune of Zot
336134 | Pan      | Got a heavily runed iron ring
336135 | Pan      | Identified the ring "Baiguq" (You found it in Pandemonium)
336202 | Pan      | Noticed Doebli the pandemonium lord
336215 | Pan      | Defeated Doebli the pandemonium lord
336263 | D:23     | You pass through the gate.
338634 | Pan      | Noticed Ybref the pandemonium lord
338637 | Pan      | Defeated Ybref the pandemonium lord
339564 | Pan      | Noticed Phextoif the pandemonium lord
339571 | Pan      | Defeated Phextoif the pandemonium lord
339671 | Pan      | Reached skill level 27 in Fighting
339990 | Pan      | Noticed Edayff the pandemonium lord
339994 | Pan      | Defeated Edayff the pandemonium lord
340350 | Pan      | Noticed Tiddiem the pandemonium lord
340362 | Pan      | Defeated Tiddiem the pandemonium lord
341053 | Pan      | Noticed Pobber the pandemonium lord
341056 | Pan      | Defeated Pobber the pandemonium lord
341276 | Pan      | Noticed Guhoufat the pandemonium lord
341284 | Pan      | Defeated Guhoufat the pandemonium lord
341779 | Pan      | Noticed Seoziuta the pandemonium lord
341786 | Pan      | Defeated Seoziuta the pandemonium lord
342200 | Pan      | Noticed Isaiv the pandemonium lord
342207 | Pan      | Defeated Isaiv the pandemonium lord
342559 | Pan      | Reached skill level 16 in Traps & Doors
342873 | Pan      | Noticed Bosse the pandemonium lord
342880 | Pan      | Defeated Bosse the pandemonium lord
343291 | Pan      | Gained mutation: You are agile (Dex +1).
343327 | Pan      | Noticed Skovak the pandemonium lord
343339 | Pan      | Defeated Skovak the pandemonium lord
343899 | Pan      | Noticed Befup the pandemonium lord
343904 | Pan      | Defeated Befup the pandemonium lord
344648 | Pan      | Noticed Psaul the pandemonium lord
344654 | Pan      | Defeated Psaul the pandemonium lord
345506 | Pan      | Noticed Loirphud the pandemonium lord
345514 | Pan      | Defeated Loirphud the pandemonium lord
345854 | Pan      | Noticed Creyminu the pandemonium lord
345860 | Pan      | Defeated Creyminu the pandemonium lord
346115 | Pan      | Noticed Xon Pri the pandemonium lord
346123 | Pan      | Defeated Xon Pri the pandemonium lord
346635 | Pan      | Noticed Triasip the pandemonium lord
346637 | Pan      | Reached skill level 13 in Summonings
346641 | Pan      | Defeated Triasip the pandemonium lord
347321 | Pan      | Reached skill level 21 in Earth Magic
347323 | Pan      | Noticed Apirupro the pandemonium lord
347328 | Pan      | Defeated Apirupro the pandemonium lord
347747 | Pan      | Noticed Veariff the pandemonium lord
347750 | Pan      | Defeated Veariff the pandemonium lord
348099 | Pan      | Noticed Grirusab the pandemonium lord
348117 | Pan      | Reached skill level 14 in Translocations
348120 | Pan      | Defeated Grirusab the pandemonium lord
348530 | Pan      | Found a gateway to a ziggurat.
348548 | Pan      | You paid a toll of 4380 gold to enter a ziggurat.
348548 | Zig:1    | Entered level 1 of a ziggurat
348559 | Zig:2    | Entered level 2 of a ziggurat
348589 | Zig:3    | Entered level 3 of a ziggurat
348618 | Zig:4    | Entered level 4 of a ziggurat
348664 | Zig:5    | Entered level 5 of a ziggurat
348721 | Zig:6    | Entered level 6 of a ziggurat
348838 | Zig:7    | Entered level 7 of a ziggurat
349045 | Zig:8    | Entered level 8 of a ziggurat
349263 | Zig:9    | Entered level 9 of a ziggurat
349383 | Zig:10   | Entered level 10 of a ziggurat
349413 | Zig:10   | Noticed Sorun the pandemonium lord
349420 | Zig:10   | Defeated Sorun the pandemonium lord
349586 | Zig:11   | Entered level 11 of a ziggurat
349737 | Zig:12   | Entered level 12 of a ziggurat
349745 | Zig:12   | Noticed an ancient lich
349753 | Zig:12   | Defeated an ancient lich
349766 | Zig:12   | Noticed an ancient lich
349773 | Zig:12   | Defeated an ancient lich
349995 | Zig:13   | Entered level 13 of a ziggurat
350236 | Zig:14   | Entered level 14 of a ziggurat
350560 | Zig:15   | Entered level 15 of a ziggurat
350927 | Zig:15   | just one more
350928 | Zig:16   | Entered level 16 of a ziggurat
351407 | Zig:17   | Entered level 17 of a ziggurat
351544 | Zig:18   | Entered level 18 of a ziggurat
351650 | Zig:18   | Reached skill level 15 in Translocations
351980 | Zig:18   | Reached skill level 10 in Axes
351981 | Zig:18   | Reached skill level 14 in Axes
351982 | Zig:18   | Reached skill level 16 in Axes
351983 | Zig:18   | Reached skill level 18 in Axes
351984 | Zig:18   | Reached skill level 20 in Axes
351985 | Zig:18   | Reached skill level 22 in Axes
351986 | Zig:18   | Reached skill level 24 in Axes
351987 | Zig:18   | Reached skill level 26 in Axes
351988 | Zig:18   | Reached skill level 27 in Axes
352811 | Pan      | Noticed Guot the pandemonium lord
352817 | Pan      | Defeated Guot the pandemonium lord
353262 | Pan      | Noticed Tuseha the pandemonium lord
353269 | Pan      | Defeated Tuseha the pandemonium lord
353690 | Pan      | Noticed Mitreedolol the pandemonium lord
353692 | Pan      | Defeated Mitreedolol the pandemonium lord
354298 | Pan      | Noticed Xiaran Jese the pandemonium lord
354300 | Pan      | Defeated Xiaran Jese the pandemonium lord
354433 | Pan      | Noticed Buolec Haoc the pandemonium lord
354441 | Pan      | Defeated Buolec Haoc the pandemonium lord
355140 | Pan      | Noticed Wapuegimp the pandemonium lord
355141 | Pan      | Defeated Wapuegimp the pandemonium lord
355330 | Pan      | Noticed Koniamn the pandemonium lord
355336 | Pan      | Defeated Koniamn the pandemonium lord
355904 | Pan      | Noticed Diomicy the pandemonium lord
355913 | Pan      | Defeated Diomicy the pandemonium lord
356189 | Pan      | Noticed Mnonelen the pandemonium lord
356196 | Pan      | Defeated Mnonelen the pandemonium lord
356502 | Pan      | Noticed an ancient lich
356707 | Pan      | Found a gateway to a ziggurat.
357012 | Pan      | Noticed Tyuxzoogh the pandemonium lord
357024 | Pan      | Defeated Tyuxzoogh the pandemonium lord
357592 | Pan      | Reached skill level 17 in Traps & Doors
357700 | Pan      | Noticed Gisaubad the pandemonium lord
357708 | Pan      | Defeated Gisaubad the pandemonium lord
357955 | Pan      | Noticed Foli the pandemonium lord
357961 | Pan      | Defeated Foli the pandemonium lord
358335 | Pan      | Noticed Ebaic the pandemonium lord
358347 | Pan      | Defeated Ebaic the pandemonium lord
358617 | Pan      | Noticed Frapt the pandemonium lord
358621 | Pan      | Defeated Frapt the pandemonium lord
359034 | D:27     | You pass through the gate.
360992 | D:1      | Found a bloodstained altar of Trog.
361468 | Lair:2   | Learned a level 4 spell: Control Teleport
361473 | Lair:2   | Learned a level 4 spell: Condensation Shield
362191 | Zot:5    | Got the Orb of Zot
362591 | D:22     | Noticed Usoiseosk the pandemonium lord
363071 | D:3      | Noticed Ciegruf the pandemonium lord
363071 | D:3      | Noticed a lich
363164 | D:$      | Escaped with the Orb!
